%YAML 1.1
%TAG !u! tag:unity3d.com,2011:
--- !u!29 &1
OcclusionCullingSettings:
  m_ObjectHideFlags: 0
  serializedVersion: 2
  m_OcclusionBakeSettings:
    smallestOccluder: 5
    smallestHole: 0.25
    backfaceThreshold: 100
  m_SceneGUID: 00000000000000000000000000000000
  m_OcclusionCullingData: {fileID: 0}
--- !u!104 &2
RenderSettings:
  m_ObjectHideFlags: 0
  serializedVersion: 8
  m_Fog: 0
  m_FogColor: {r: 0.5, g: 0.5, b: 0.5, a: 1}
  m_FogMode: 3
  m_FogDensity: 0.01
  m_LinearFogStart: 0
  m_LinearFogEnd: 300
  m_AmbientSkyColor: {r: 0.212, g: 0.227, b: 0.259, a: 1}
  m_AmbientEquatorColor: {r: 0.114, g: 0.125, b: 0.133, a: 1}
  m_AmbientGroundColor: {r: 0.047, g: 0.043, b: 0.035, a: 1}
  m_AmbientIntensity: 1
  m_AmbientMode: 0
  m_SubtractiveShadowColor: {r: 0.42, g: 0.478, b: 0.627, a: 1}
  m_SkyboxMaterial: {fileID: 10304, guid: 0000000000000000f000000000000000, type: 0}
  m_HaloStrength: 0.5
  m_FlareStrength: 1
  m_FlareFadeSpeed: 3
  m_HaloTexture: {fileID: 0}
  m_SpotCookie: {fileID: 10001, guid: 0000000000000000e000000000000000, type: 0}
  m_DefaultReflectionMode: 0
  m_DefaultReflectionResolution: 128
  m_ReflectionBounces: 1
  m_ReflectionIntensity: 1
  m_CustomReflection: {fileID: 0}
  m_Sun: {fileID: 0}
  m_IndirectSpecularColor: {r: 0, g: 0, b: 0, a: 1}
--- !u!157 &4
LightmapSettings:
  m_ObjectHideFlags: 0
  serializedVersion: 9
  m_GIWorkflowMode: 0
  m_GISettings:
    serializedVersion: 2
    m_BounceScale: 1
    m_IndirectOutputScale: 1
    m_AlbedoBoost: 1
    m_TemporalCoherenceThreshold: 1
    m_EnvironmentLightingMode: 0
    m_EnableBakedLightmaps: 1
    m_EnableRealtimeLightmaps: 1
  m_LightmapEditorSettings:
    serializedVersion: 8
    m_Resolution: 2
    m_BakeResolution: 40
    m_TextureWidth: 1024
    m_TextureHeight: 1024
    m_AO: 0
    m_AOMaxDistance: 1
    m_CompAOExponent: 0
    m_CompAOExponentDirect: 0
    m_Padding: 2
    m_LightmapParameters: {fileID: 0}
    m_LightmapsBakeMode: 1
    m_TextureCompression: 1
    m_FinalGather: 0
    m_FinalGatherFiltering: 1
    m_FinalGatherRayCount: 1024
    m_ReflectionCompression: 2
    m_MixedBakeMode: 1
    m_BakeBackend: 0
    m_PVRSampling: 1
    m_PVRDirectSampleCount: 32
    m_PVRSampleCount: 500
    m_PVRBounces: 2
    m_PVRFiltering: 0
    m_PVRFilteringMode: 1
    m_PVRCulling: 1
    m_PVRFilteringGaussRadiusDirect: 1
    m_PVRFilteringGaussRadiusIndirect: 5
    m_PVRFilteringGaussRadiusAO: 2
    m_PVRFilteringAtrousColorSigma: 1
    m_PVRFilteringAtrousNormalSigma: 1
    m_PVRFilteringAtrousPositionSigma: 1
  m_LightingDataAsset: {fileID: 0}
  m_ShadowMaskMode: 2
--- !u!196 &5
NavMeshSettings:
  serializedVersion: 2
  m_ObjectHideFlags: 0
  m_BuildSettings:
    serializedVersion: 2
    agentTypeID: 0
    agentRadius: 0.5
    agentHeight: 2
    agentSlope: 45
    agentClimb: 0.4
    ledgeDropHeight: 0
    maxJumpAcrossDistance: 0
    minRegionArea: 2
    manualCellSize: 0
    cellSize: 0.16666667
    manualTileSize: 0
    tileSize: 256
    accuratePlacement: 0
  m_NavMeshData: {fileID: 0}
--- !u!1 &30508338
GameObject:
  m_ObjectHideFlags: 0
  m_PrefabParentObject: {fileID: 179452, guid: 13155598da289b6468da0742062328f5, type: 2}
  m_PrefabInternal: {fileID: 1368200695}
  serializedVersion: 5
  m_Component:
  - component: {fileID: 30508339}
  - component: {fileID: 30508341}
  - component: {fileID: 30508340}
  m_Layer: 5
  m_Name: FillingObject
  m_TagString: Untagged
  m_Icon: {fileID: 0}
  m_NavMeshLayer: 0
  m_StaticEditorFlags: 0
  m_IsActive: 1
--- !u!224 &30508339
RectTransform:
  m_ObjectHideFlags: 0
  m_PrefabParentObject: {fileID: 22479452, guid: 13155598da289b6468da0742062328f5,
    type: 2}
  m_PrefabInternal: {fileID: 1368200695}
  m_GameObject: {fileID: 30508338}
  m_LocalRotation: {x: 0, y: 0, z: 0, w: 1}
  m_LocalPosition: {x: 0, y: 0, z: 0}
  m_LocalScale: {x: 1, y: 1, z: 1}
  m_Children:
  - {fileID: 1938611963}
  - {fileID: 1398997879}
  - {fileID: 1035596500}
  m_Father: {fileID: 1482257477}
  m_RootOrder: 8
  m_LocalEulerAnglesHint: {x: 0, y: 0, z: 0}
  m_AnchorMin: {x: 0.5, y: 0.5}
  m_AnchorMax: {x: 0.5, y: 0.5}
  m_AnchoredPosition: {x: 344, y: -505}
  m_SizeDelta: {x: 525, y: 525}
  m_Pivot: {x: 0.5, y: 0.5}
--- !u!114 &30508340
MonoBehaviour:
  m_ObjectHideFlags: 0
  m_PrefabParentObject: {fileID: 11479444, guid: 13155598da289b6468da0742062328f5,
    type: 2}
  m_PrefabInternal: {fileID: 1368200695}
  m_GameObject: {fileID: 30508338}
  m_Enabled: 1
  m_EditorHideFlags: 0
  m_Script: {fileID: -765806418, guid: f5f67c52d1564df4a8936ccd202a3bd8, type: 3}
  m_Name: 
  m_EditorClassIdentifier: 
  m_Material: {fileID: 0}
  m_Color: {r: 0.13854672, g: 0.14440073, b: 0.15294118, a: 1}
  m_RaycastTarget: 1
  m_OnCullStateChanged:
    m_PersistentCalls:
      m_Calls: []
    m_TypeName: UnityEngine.UI.MaskableGraphic+CullStateChangedEvent, UnityEngine.UI,
      Version=1.0.0.0, Culture=neutral, PublicKeyToken=null
  m_Sprite: {fileID: 21300000, guid: 0796c5d7e7e637d40a42ad4deab007c5, type: 3}
  m_Type: 3
  m_PreserveAspect: 0
  m_FillCenter: 1
  m_FillMethod: 4
  m_FillAmount: 1
  m_FillClockwise: 1
  m_FillOrigin: 2
--- !u!222 &30508341
CanvasRenderer:
  m_ObjectHideFlags: 0
  m_PrefabParentObject: {fileID: 22279454, guid: 13155598da289b6468da0742062328f5,
    type: 2}
  m_PrefabInternal: {fileID: 1368200695}
  m_GameObject: {fileID: 30508338}
--- !u!1 &47812406
GameObject:
  m_ObjectHideFlags: 0
  m_PrefabParentObject: {fileID: 179492, guid: 13155598da289b6468da0742062328f5, type: 2}
  m_PrefabInternal: {fileID: 1368200695}
  serializedVersion: 5
  m_Component:
  - component: {fileID: 47812407}
  - component: {fileID: 47812409}
  - component: {fileID: 47812408}
  m_Layer: 5
  m_Name: Image
  m_TagString: Untagged
  m_Icon: {fileID: 0}
  m_NavMeshLayer: 0
  m_StaticEditorFlags: 0
  m_IsActive: 1
--- !u!224 &47812407
RectTransform:
  m_ObjectHideFlags: 0
  m_PrefabParentObject: {fileID: 22479492, guid: 13155598da289b6468da0742062328f5,
    type: 2}
  m_PrefabInternal: {fileID: 1368200695}
  m_GameObject: {fileID: 47812406}
  m_LocalRotation: {x: 0, y: 0, z: 0, w: 1}
  m_LocalPosition: {x: 0, y: 0, z: 0}
  m_LocalScale: {x: 1, y: 1, z: 1}
  m_Children: []
  m_Father: {fileID: 1938611963}
  m_RootOrder: 0
  m_LocalEulerAnglesHint: {x: 0, y: 0, z: 0}
  m_AnchorMin: {x: 0.5, y: 0.5}
  m_AnchorMax: {x: 0.5, y: 0.5}
  m_AnchoredPosition: {x: 0, y: 34}
  m_SizeDelta: {x: 72, y: 96}
  m_Pivot: {x: 0.5, y: 0.5}
--- !u!114 &47812408
MonoBehaviour:
  m_ObjectHideFlags: 0
  m_PrefabParentObject: {fileID: 11479488, guid: 13155598da289b6468da0742062328f5,
    type: 2}
  m_PrefabInternal: {fileID: 1368200695}
  m_GameObject: {fileID: 47812406}
  m_Enabled: 1
  m_EditorHideFlags: 0
  m_Script: {fileID: -765806418, guid: f5f67c52d1564df4a8936ccd202a3bd8, type: 3}
  m_Name: 
  m_EditorClassIdentifier: 
  m_Material: {fileID: 0}
  m_Color: {r: 0.99215686, g: 0.4509804, b: 0.44313726, a: 1}
  m_RaycastTarget: 1
  m_OnCullStateChanged:
    m_PersistentCalls:
      m_Calls: []
    m_TypeName: UnityEngine.UI.MaskableGraphic+CullStateChangedEvent, UnityEngine.UI,
      Version=1.0.0.0, Culture=neutral, PublicKeyToken=null
  m_Sprite: {fileID: 21300000, guid: fb6814f50822dea4fad9a97dc6bd8e67, type: 3}
  m_Type: 0
  m_PreserveAspect: 0
  m_FillCenter: 1
  m_FillMethod: 4
  m_FillAmount: 1
  m_FillClockwise: 1
  m_FillOrigin: 0
--- !u!222 &47812409
CanvasRenderer:
  m_ObjectHideFlags: 0
  m_PrefabParentObject: {fileID: 22279492, guid: 13155598da289b6468da0742062328f5,
    type: 2}
  m_PrefabInternal: {fileID: 1368200695}
  m_GameObject: {fileID: 47812406}
--- !u!1 &67950744
GameObject:
  m_ObjectHideFlags: 0
  m_PrefabParentObject: {fileID: 179460, guid: 13155598da289b6468da0742062328f5, type: 2}
  m_PrefabInternal: {fileID: 1368200695}
  serializedVersion: 5
  m_Component:
  - component: {fileID: 67950745}
  - component: {fileID: 67950747}
  - component: {fileID: 67950746}
  m_Layer: 5
  m_Name: Text
  m_TagString: Untagged
  m_Icon: {fileID: 0}
  m_NavMeshLayer: 0
  m_StaticEditorFlags: 0
  m_IsActive: 1
--- !u!224 &67950745
RectTransform:
  m_ObjectHideFlags: 0
  m_PrefabParentObject: {fileID: 22479460, guid: 13155598da289b6468da0742062328f5,
    type: 2}
  m_PrefabInternal: {fileID: 1368200695}
  m_GameObject: {fileID: 67950744}
  m_LocalRotation: {x: 0, y: 0, z: 0, w: 1}
  m_LocalPosition: {x: 0, y: 0, z: 0}
  m_LocalScale: {x: 1, y: 1, z: 1}
  m_Children: []
  m_Father: {fileID: 1155232656}
  m_RootOrder: 1
  m_LocalEulerAnglesHint: {x: 0, y: 0, z: 0}
  m_AnchorMin: {x: 0.5, y: 0.5}
  m_AnchorMax: {x: 0.5, y: 0.5}
  m_AnchoredPosition: {x: 0, y: -39}
  m_SizeDelta: {x: 211.06, y: 67}
  m_Pivot: {x: 0.5, y: 0.5}
--- !u!114 &67950746
MonoBehaviour:
  m_ObjectHideFlags: 0
  m_PrefabParentObject: {fileID: 11479452, guid: 13155598da289b6468da0742062328f5,
    type: 2}
  m_PrefabInternal: {fileID: 1368200695}
  m_GameObject: {fileID: 67950744}
  m_Enabled: 1
  m_EditorHideFlags: 0
  m_Script: {fileID: 708705254, guid: f5f67c52d1564df4a8936ccd202a3bd8, type: 3}
  m_Name: 
  m_EditorClassIdentifier: 
  m_Material: {fileID: 0}
  m_Color: {r: 0.9044118, g: 0.9044118, b: 0.9044118, a: 1}
  m_RaycastTarget: 1
  m_OnCullStateChanged:
    m_PersistentCalls:
      m_Calls: []
    m_TypeName: UnityEngine.UI.MaskableGraphic+CullStateChangedEvent, UnityEngine.UI,
      Version=1.0.0.0, Culture=neutral, PublicKeyToken=null
  m_FontData:
    m_Font: {fileID: 12800000, guid: bd1ea67ca2b5742d1a24fcbdc17c55e1, type: 3}
    m_FontSize: 45
    m_FontStyle: 0
    m_BestFit: 0
    m_MinSize: 10
    m_MaxSize: 45
    m_Alignment: 4
    m_AlignByGeometry: 0
    m_RichText: 1
    m_HorizontalOverflow: 0
    m_VerticalOverflow: 0
    m_LineSpacing: 1
  m_Text: Pictures
--- !u!222 &67950747
CanvasRenderer:
  m_ObjectHideFlags: 0
  m_PrefabParentObject: {fileID: 22279462, guid: 13155598da289b6468da0742062328f5,
    type: 2}
  m_PrefabInternal: {fileID: 1368200695}
  m_GameObject: {fileID: 67950744}
--- !u!1 &81658169
GameObject:
  m_ObjectHideFlags: 0
  m_PrefabParentObject: {fileID: 179486, guid: 13155598da289b6468da0742062328f5, type: 2}
  m_PrefabInternal: {fileID: 1368200695}
  serializedVersion: 5
  m_Component:
  - component: {fileID: 81658170}
  - component: {fileID: 81658172}
  - component: {fileID: 81658171}
  m_Layer: 5
  m_Name: Text
  m_TagString: Untagged
  m_Icon: {fileID: 0}
  m_NavMeshLayer: 0
  m_StaticEditorFlags: 0
  m_IsActive: 1
--- !u!224 &81658170
RectTransform:
  m_ObjectHideFlags: 0
  m_PrefabParentObject: {fileID: 22479486, guid: 13155598da289b6468da0742062328f5,
    type: 2}
  m_PrefabInternal: {fileID: 1368200695}
  m_GameObject: {fileID: 81658169}
  m_LocalRotation: {x: 0, y: 0, z: 0, w: 1}
  m_LocalPosition: {x: 0, y: 0, z: 0}
  m_LocalScale: {x: 1, y: 1, z: 1}
  m_Children: []
  m_Father: {fileID: 805337306}
  m_RootOrder: 1
  m_LocalEulerAnglesHint: {x: 0, y: 0, z: 0}
  m_AnchorMin: {x: 0.5, y: 0.5}
  m_AnchorMax: {x: 0.5, y: 0.5}
  m_AnchoredPosition: {x: 0, y: 34}
  m_SizeDelta: {x: 155.4, y: 122.1}
  m_Pivot: {x: 0.5, y: 0.5}
--- !u!114 &81658171
MonoBehaviour:
  m_ObjectHideFlags: 0
  m_PrefabParentObject: {fileID: 11479482, guid: 13155598da289b6468da0742062328f5,
    type: 2}
  m_PrefabInternal: {fileID: 1368200695}
  m_GameObject: {fileID: 81658169}
  m_Enabled: 1
  m_EditorHideFlags: 0
  m_Script: {fileID: 708705254, guid: f5f67c52d1564df4a8936ccd202a3bd8, type: 3}
  m_Name: 
  m_EditorClassIdentifier: 
  m_Material: {fileID: 0}
  m_Color: {r: 0.99215686, g: 0.4509804, b: 0.44313726, a: 1}
  m_RaycastTarget: 1
  m_OnCullStateChanged:
    m_PersistentCalls:
      m_Calls: []
    m_TypeName: UnityEngine.UI.MaskableGraphic+CullStateChangedEvent, UnityEngine.UI,
      Version=1.0.0.0, Culture=neutral, PublicKeyToken=null
  m_FontData:
    m_Font: {fileID: 12800000, guid: bd1ea67ca2b5742d1a24fcbdc17c55e1, type: 3}
    m_FontSize: 71
    m_FontStyle: 0
    m_BestFit: 0
    m_MinSize: 10
    m_MaxSize: 71
    m_Alignment: 4
    m_AlignByGeometry: 0
    m_RichText: 1
    m_HorizontalOverflow: 0
    m_VerticalOverflow: 0
    m_LineSpacing: 1
  m_Text: 800
--- !u!222 &81658172
CanvasRenderer:
  m_ObjectHideFlags: 0
  m_PrefabParentObject: {fileID: 22279486, guid: 13155598da289b6468da0742062328f5,
    type: 2}
  m_PrefabInternal: {fileID: 1368200695}
  m_GameObject: {fileID: 81658169}
--- !u!1 &206002291
GameObject:
  m_ObjectHideFlags: 0
  m_PrefabParentObject: {fileID: 179464, guid: 13155598da289b6468da0742062328f5, type: 2}
  m_PrefabInternal: {fileID: 1368200695}
  serializedVersion: 5
  m_Component:
  - component: {fileID: 206002292}
  - component: {fileID: 206002294}
  - component: {fileID: 206002293}
  m_Layer: 5
  m_Name: Text
  m_TagString: Untagged
  m_Icon: {fileID: 0}
  m_NavMeshLayer: 0
  m_StaticEditorFlags: 0
  m_IsActive: 1
--- !u!224 &206002292
RectTransform:
  m_ObjectHideFlags: 0
  m_PrefabParentObject: {fileID: 22479464, guid: 13155598da289b6468da0742062328f5,
    type: 2}
  m_PrefabInternal: {fileID: 1368200695}
  m_GameObject: {fileID: 206002291}
  m_LocalRotation: {x: 0, y: 0, z: 0, w: 1}
  m_LocalPosition: {x: 0, y: 0, z: 0}
  m_LocalScale: {x: 1, y: 1, z: 1}
  m_Children: []
  m_Father: {fileID: 1398478485}
  m_RootOrder: 2
  m_LocalEulerAnglesHint: {x: 0, y: 0, z: 0}
  m_AnchorMin: {x: 0.5, y: 0.5}
  m_AnchorMax: {x: 0.5, y: 0.5}
  m_AnchoredPosition: {x: 0, y: 6}
  m_SizeDelta: {x: 112.9, y: 35.7}
  m_Pivot: {x: 0.5, y: 0.5}
--- !u!114 &206002293
MonoBehaviour:
  m_ObjectHideFlags: 0
  m_PrefabParentObject: {fileID: 11479456, guid: 13155598da289b6468da0742062328f5,
    type: 2}
  m_PrefabInternal: {fileID: 1368200695}
  m_GameObject: {fileID: 206002291}
  m_Enabled: 1
  m_EditorHideFlags: 0
  m_Script: {fileID: 708705254, guid: f5f67c52d1564df4a8936ccd202a3bd8, type: 3}
  m_Name: 
  m_EditorClassIdentifier: 
  m_Material: {fileID: 0}
  m_Color: {r: 0.8308824, g: 0.8308824, b: 0.8308824, a: 1}
  m_RaycastTarget: 1
  m_OnCullStateChanged:
    m_PersistentCalls:
      m_Calls: []
    m_TypeName: UnityEngine.UI.MaskableGraphic+CullStateChangedEvent, UnityEngine.UI,
      Version=1.0.0.0, Culture=neutral, PublicKeyToken=null
  m_FontData:
    m_Font: {fileID: 12800000, guid: 218956a5c2a6e42d6a60afccf80b002b, type: 3}
    m_FontSize: 20
    m_FontStyle: 0
    m_BestFit: 0
    m_MinSize: 10
    m_MaxSize: 40
    m_Alignment: 4
    m_AlignByGeometry: 0
    m_RichText: 1
    m_HorizontalOverflow: 0
    m_VerticalOverflow: 0
    m_LineSpacing: 1
  m_Text: Steps
--- !u!222 &206002294
CanvasRenderer:
  m_ObjectHideFlags: 0
  m_PrefabParentObject: {fileID: 22279466, guid: 13155598da289b6468da0742062328f5,
    type: 2}
  m_PrefabInternal: {fileID: 1368200695}
  m_GameObject: {fileID: 206002291}
--- !u!1 &300072429
GameObject:
  m_ObjectHideFlags: 0
  m_PrefabParentObject: {fileID: 179504, guid: 13155598da289b6468da0742062328f5, type: 2}
  m_PrefabInternal: {fileID: 1368200695}
  serializedVersion: 5
  m_Component:
  - component: {fileID: 300072430}
  - component: {fileID: 300072432}
  - component: {fileID: 300072431}
  m_Layer: 5
  m_Name: Image
  m_TagString: Untagged
  m_Icon: {fileID: 0}
  m_NavMeshLayer: 0
  m_StaticEditorFlags: 0
  m_IsActive: 1
--- !u!224 &300072430
RectTransform:
  m_ObjectHideFlags: 0
  m_PrefabParentObject: {fileID: 22479504, guid: 13155598da289b6468da0742062328f5,
    type: 2}
  m_PrefabInternal: {fileID: 1368200695}
  m_GameObject: {fileID: 300072429}
  m_LocalRotation: {x: 0, y: 0, z: 0, w: 1}
  m_LocalPosition: {x: 0, y: 0, z: 0}
  m_LocalScale: {x: 1, y: 1, z: 1}
  m_Children: []
  m_Father: {fileID: 471290615}
  m_RootOrder: 0
  m_LocalEulerAnglesHint: {x: 0, y: 0, z: 0}
  m_AnchorMin: {x: 0.5, y: 0.5}
  m_AnchorMax: {x: 0.5, y: 0.5}
  m_AnchoredPosition: {x: 0, y: 34}
  m_SizeDelta: {x: 94, y: 74}
  m_Pivot: {x: 0.5, y: 0.5}
--- !u!114 &300072431
MonoBehaviour:
  m_ObjectHideFlags: 0
  m_PrefabParentObject: {fileID: 11479504, guid: 13155598da289b6468da0742062328f5,
    type: 2}
  m_PrefabInternal: {fileID: 1368200695}
  m_GameObject: {fileID: 300072429}
  m_Enabled: 1
  m_EditorHideFlags: 0
  m_Script: {fileID: -765806418, guid: f5f67c52d1564df4a8936ccd202a3bd8, type: 3}
  m_Name: 
  m_EditorClassIdentifier: 
  m_Material: {fileID: 0}
  m_Color: {r: 0.99215686, g: 0.4509804, b: 0.44313726, a: 1}
  m_RaycastTarget: 1
  m_OnCullStateChanged:
    m_PersistentCalls:
      m_Calls: []
    m_TypeName: UnityEngine.UI.MaskableGraphic+CullStateChangedEvent, UnityEngine.UI,
      Version=1.0.0.0, Culture=neutral, PublicKeyToken=null
  m_Sprite: {fileID: 21300000, guid: d9b97df5447d313448a38c93b42ac7a9, type: 3}
  m_Type: 0
  m_PreserveAspect: 0
  m_FillCenter: 1
  m_FillMethod: 4
  m_FillAmount: 1
  m_FillClockwise: 1
  m_FillOrigin: 0
--- !u!222 &300072432
CanvasRenderer:
  m_ObjectHideFlags: 0
  m_PrefabParentObject: {fileID: 22279504, guid: 13155598da289b6468da0742062328f5,
    type: 2}
  m_PrefabInternal: {fileID: 1368200695}
  m_GameObject: {fileID: 300072429}
--- !u!1 &461790502
GameObject:
  m_ObjectHideFlags: 0
  m_PrefabParentObject: {fileID: 179448, guid: 13155598da289b6468da0742062328f5, type: 2}
  m_PrefabInternal: {fileID: 1368200695}
  serializedVersion: 5
  m_Component:
  - component: {fileID: 461790503}
  - component: {fileID: 461790505}
  - component: {fileID: 461790504}
  m_Layer: 5
  m_Name: FillingObject
  m_TagString: Untagged
  m_Icon: {fileID: 0}
  m_NavMeshLayer: 0
  m_StaticEditorFlags: 0
  m_IsActive: 1
--- !u!224 &461790503
RectTransform:
  m_ObjectHideFlags: 0
  m_PrefabParentObject: {fileID: 22479448, guid: 13155598da289b6468da0742062328f5,
    type: 2}
  m_PrefabInternal: {fileID: 1368200695}
  m_GameObject: {fileID: 461790502}
  m_LocalRotation: {x: 0, y: 0, z: 0, w: 1}
  m_LocalPosition: {x: 0, y: 0, z: 0}
  m_LocalScale: {x: 1, y: 1, z: 1}
  m_Children: []
  m_Father: {fileID: 805337306}
  m_RootOrder: 0
  m_LocalEulerAnglesHint: {x: 0, y: 0, z: 0}
  m_AnchorMin: {x: 0.5, y: 0.5}
  m_AnchorMax: {x: 0.5, y: 0.5}
  m_AnchoredPosition: {x: 0, y: 0}
  m_SizeDelta: {x: 525, y: 525}
  m_Pivot: {x: 0.5, y: 0.5}
--- !u!114 &461790504
MonoBehaviour:
  m_ObjectHideFlags: 0
  m_PrefabParentObject: {fileID: 11479438, guid: 13155598da289b6468da0742062328f5,
    type: 2}
  m_PrefabInternal: {fileID: 1368200695}
  m_GameObject: {fileID: 461790502}
  m_Enabled: 1
  m_EditorHideFlags: 0
  m_Script: {fileID: -765806418, guid: f5f67c52d1564df4a8936ccd202a3bd8, type: 3}
  m_Name: 
  m_EditorClassIdentifier: 
  m_Material: {fileID: 0}
  m_Color: {r: 0.99215686, g: 0.4509804, b: 0.44313726, a: 1}
  m_RaycastTarget: 1
  m_OnCullStateChanged:
    m_PersistentCalls:
      m_Calls: []
    m_TypeName: UnityEngine.UI.MaskableGraphic+CullStateChangedEvent, UnityEngine.UI,
      Version=1.0.0.0, Culture=neutral, PublicKeyToken=null
  m_Sprite: {fileID: 21300000, guid: c6157dc9c292b704b93e50622ca4095f, type: 3}
  m_Type: 3
  m_PreserveAspect: 0
  m_FillCenter: 1
  m_FillMethod: 4
  m_FillAmount: 0.814
  m_FillClockwise: 1
  m_FillOrigin: 2
--- !u!222 &461790505
CanvasRenderer:
  m_ObjectHideFlags: 0
  m_PrefabParentObject: {fileID: 22279450, guid: 13155598da289b6468da0742062328f5,
    type: 2}
  m_PrefabInternal: {fileID: 1368200695}
  m_GameObject: {fileID: 461790502}
--- !u!1 &471290614
GameObject:
  m_ObjectHideFlags: 0
  m_PrefabParentObject: {fileID: 179490, guid: 13155598da289b6468da0742062328f5, type: 2}
  m_PrefabInternal: {fileID: 1368200695}
  serializedVersion: 5
  m_Component:
  - component: {fileID: 471290615}
  - component: {fileID: 471290617}
  - component: {fileID: 471290616}
  m_Layer: 5
  m_Name: FillingObject
  m_TagString: Untagged
  m_Icon: {fileID: 0}
  m_NavMeshLayer: 0
  m_StaticEditorFlags: 0
  m_IsActive: 1
--- !u!224 &471290615
RectTransform:
  m_ObjectHideFlags: 0
  m_PrefabParentObject: {fileID: 22479490, guid: 13155598da289b6468da0742062328f5,
    type: 2}
  m_PrefabInternal: {fileID: 1368200695}
  m_GameObject: {fileID: 471290614}
  m_LocalRotation: {x: 0, y: 0, z: 0, w: 1}
  m_LocalPosition: {x: 0, y: 0, z: 0}
  m_LocalScale: {x: 1, y: 1, z: 1}
  m_Children:
  - {fileID: 300072430}
  m_Father: {fileID: 1155232656}
  m_RootOrder: 0
  m_LocalEulerAnglesHint: {x: 0, y: 0, z: 0}
  m_AnchorMin: {x: 0.5, y: 0.5}
  m_AnchorMax: {x: 0.5, y: 0.5}
  m_AnchoredPosition: {x: 0, y: 0}
  m_SizeDelta: {x: 525, y: 525}
  m_Pivot: {x: 0.5, y: 0.5}
--- !u!114 &471290616
MonoBehaviour:
  m_ObjectHideFlags: 0
  m_PrefabParentObject: {fileID: 11479486, guid: 13155598da289b6468da0742062328f5,
    type: 2}
  m_PrefabInternal: {fileID: 1368200695}
  m_GameObject: {fileID: 471290614}
  m_Enabled: 1
  m_EditorHideFlags: 0
  m_Script: {fileID: -765806418, guid: f5f67c52d1564df4a8936ccd202a3bd8, type: 3}
  m_Name: 
  m_EditorClassIdentifier: 
  m_Material: {fileID: 0}
  m_Color: {r: 0.99215686, g: 0.4509804, b: 0.44313726, a: 1}
  m_RaycastTarget: 1
  m_OnCullStateChanged:
    m_PersistentCalls:
      m_Calls: []
    m_TypeName: UnityEngine.UI.MaskableGraphic+CullStateChangedEvent, UnityEngine.UI,
      Version=1.0.0.0, Culture=neutral, PublicKeyToken=null
  m_Sprite: {fileID: 21300000, guid: c6157dc9c292b704b93e50622ca4095f, type: 3}
  m_Type: 3
  m_PreserveAspect: 0
  m_FillCenter: 1
  m_FillMethod: 4
  m_FillAmount: 0.085
  m_FillClockwise: 1
  m_FillOrigin: 2
--- !u!222 &471290617
CanvasRenderer:
  m_ObjectHideFlags: 0
  m_PrefabParentObject: {fileID: 22279490, guid: 13155598da289b6468da0742062328f5,
    type: 2}
  m_PrefabInternal: {fileID: 1368200695}
  m_GameObject: {fileID: 471290614}
--- !u!1 &479170663
GameObject:
  m_ObjectHideFlags: 0
  m_PrefabParentObject: {fileID: 179494, guid: 13155598da289b6468da0742062328f5, type: 2}
  m_PrefabInternal: {fileID: 1368200695}
  serializedVersion: 5
  m_Component:
  - component: {fileID: 479170664}
  - component: {fileID: 479170667}
  - component: {fileID: 479170666}
  - component: {fileID: 479170665}
  m_Layer: 5
  m_Name: Button
  m_TagString: Untagged
  m_Icon: {fileID: 0}
  m_NavMeshLayer: 0
  m_StaticEditorFlags: 0
  m_IsActive: 1
--- !u!224 &479170664
RectTransform:
  m_ObjectHideFlags: 0
  m_PrefabParentObject: {fileID: 22479494, guid: 13155598da289b6468da0742062328f5,
    type: 2}
  m_PrefabInternal: {fileID: 1368200695}
  m_GameObject: {fileID: 479170663}
  m_LocalRotation: {x: 0, y: 0, z: 0, w: 1}
  m_LocalPosition: {x: 0, y: 0, z: 0}
  m_LocalScale: {x: 1, y: 1, z: 1}
  m_Children: []
  m_Father: {fileID: 1482257477}
  m_RootOrder: 1
  m_LocalEulerAnglesHint: {x: 0, y: 0, z: 0}
  m_AnchorMin: {x: 0.5, y: 0.5}
  m_AnchorMax: {x: 0.5, y: 0.5}
  m_AnchoredPosition: {x: -644, y: 917}
  m_SizeDelta: {x: 94, y: 24}
  m_Pivot: {x: 0.5, y: 0.5}
--- !u!114 &479170665
MonoBehaviour:
  m_ObjectHideFlags: 0
  m_PrefabParentObject: {fileID: 11479492, guid: 13155598da289b6468da0742062328f5,
    type: 2}
  m_PrefabInternal: {fileID: 1368200695}
  m_GameObject: {fileID: 479170663}
  m_Enabled: 1
  m_EditorHideFlags: 0
  m_Script: {fileID: 1392445389, guid: f5f67c52d1564df4a8936ccd202a3bd8, type: 3}
  m_Name: 
  m_EditorClassIdentifier: 
  m_Navigation:
    m_Mode: 3
    m_SelectOnUp: {fileID: 0}
    m_SelectOnDown: {fileID: 0}
    m_SelectOnLeft: {fileID: 0}
    m_SelectOnRight: {fileID: 0}
  m_Transition: 1
  m_Colors:
    m_NormalColor: {r: 1, g: 1, b: 1, a: 1}
    m_HighlightedColor: {r: 0.9607843, g: 0.9607843, b: 0.9607843, a: 1}
    m_PressedColor: {r: 0.78431374, g: 0.78431374, b: 0.78431374, a: 1}
    m_DisabledColor: {r: 0.78431374, g: 0.78431374, b: 0.78431374, a: 0.5019608}
    m_ColorMultiplier: 1
    m_FadeDuration: 0.1
  m_SpriteState:
    m_HighlightedSprite: {fileID: 0}
    m_PressedSprite: {fileID: 0}
    m_DisabledSprite: {fileID: 0}
  m_AnimationTriggers:
    m_NormalTrigger: Normal
    m_HighlightedTrigger: Highlighted
    m_PressedTrigger: Pressed
    m_DisabledTrigger: Disabled
  m_Interactable: 1
  m_TargetGraphic: {fileID: 479170666}
  m_OnClick:
    m_PersistentCalls:
      m_Calls: []
    m_TypeName: UnityEngine.UI.Button+ButtonClickedEvent, UnityEngine.UI, Version=1.0.0.0,
      Culture=neutral, PublicKeyToken=null
--- !u!114 &479170666
MonoBehaviour:
  m_ObjectHideFlags: 0
  m_PrefabParentObject: {fileID: 11479490, guid: 13155598da289b6468da0742062328f5,
    type: 2}
  m_PrefabInternal: {fileID: 1368200695}
  m_GameObject: {fileID: 479170663}
  m_Enabled: 1
  m_EditorHideFlags: 0
  m_Script: {fileID: -765806418, guid: f5f67c52d1564df4a8936ccd202a3bd8, type: 3}
  m_Name: 
  m_EditorClassIdentifier: 
  m_Material: {fileID: 0}
  m_Color: {r: 1, g: 1, b: 1, a: 1}
  m_RaycastTarget: 1
  m_OnCullStateChanged:
    m_PersistentCalls:
      m_Calls: []
    m_TypeName: UnityEngine.UI.MaskableGraphic+CullStateChangedEvent, UnityEngine.UI,
      Version=1.0.0.0, Culture=neutral, PublicKeyToken=null
  m_Sprite: {fileID: 21300000, guid: c115c1e6147bc1442a3f57e1c0d1406e, type: 3}
  m_Type: 0
  m_PreserveAspect: 0
  m_FillCenter: 1
  m_FillMethod: 4
  m_FillAmount: 1
  m_FillClockwise: 1
  m_FillOrigin: 0
--- !u!222 &479170667
CanvasRenderer:
  m_ObjectHideFlags: 0
  m_PrefabParentObject: {fileID: 22279494, guid: 13155598da289b6468da0742062328f5,
    type: 2}
  m_PrefabInternal: {fileID: 1368200695}
  m_GameObject: {fileID: 479170663}
--- !u!1 &514515439
GameObject:
  m_ObjectHideFlags: 0
  m_PrefabParentObject: {fileID: 179476, guid: 13155598da289b6468da0742062328f5, type: 2}
  m_PrefabInternal: {fileID: 1368200695}
  serializedVersion: 5
  m_Component:
  - component: {fileID: 514515440}
  - component: {fileID: 514515442}
  - component: {fileID: 514515441}
  m_Layer: 5
  m_Name: Image
  m_TagString: Untagged
  m_Icon: {fileID: 0}
  m_NavMeshLayer: 0
  m_StaticEditorFlags: 0
  m_IsActive: 1
--- !u!224 &514515440
RectTransform:
  m_ObjectHideFlags: 0
  m_PrefabParentObject: {fileID: 22479476, guid: 13155598da289b6468da0742062328f5,
    type: 2}
  m_PrefabInternal: {fileID: 1368200695}
  m_GameObject: {fileID: 514515439}
  m_LocalRotation: {x: 0, y: 0, z: 0, w: 1}
  m_LocalPosition: {x: 0, y: 0, z: 0}
  m_LocalScale: {x: 1, y: 1, z: 1}
  m_Children: []
  m_Father: {fileID: 1482257477}
  m_RootOrder: 0
  m_LocalEulerAnglesHint: {x: 0, y: 0, z: 0}
  m_AnchorMin: {x: 0.5, y: 0.5}
  m_AnchorMax: {x: 0.5, y: 0.5}
  m_AnchoredPosition: {x: 0, y: 1006}
  m_SizeDelta: {x: 1536, y: 36}
  m_Pivot: {x: 0.5, y: 0.5}
--- !u!114 &514515441
MonoBehaviour:
  m_ObjectHideFlags: 0
  m_PrefabParentObject: {fileID: 11479468, guid: 13155598da289b6468da0742062328f5,
    type: 2}
  m_PrefabInternal: {fileID: 1368200695}
  m_GameObject: {fileID: 514515439}
  m_Enabled: 1
  m_EditorHideFlags: 0
  m_Script: {fileID: -765806418, guid: f5f67c52d1564df4a8936ccd202a3bd8, type: 3}
  m_Name: 
  m_EditorClassIdentifier: 
  m_Material: {fileID: 0}
  m_Color: {r: 0.17165874, g: 0.9338235, b: 0.55536926, a: 1}
  m_RaycastTarget: 1
  m_OnCullStateChanged:
    m_PersistentCalls:
      m_Calls: []
    m_TypeName: UnityEngine.UI.MaskableGraphic+CullStateChangedEvent, UnityEngine.UI,
      Version=1.0.0.0, Culture=neutral, PublicKeyToken=null
  m_Sprite: {fileID: 0}
  m_Type: 0
  m_PreserveAspect: 0
  m_FillCenter: 1
  m_FillMethod: 4
  m_FillAmount: 1
  m_FillClockwise: 1
  m_FillOrigin: 0
--- !u!222 &514515442
CanvasRenderer:
  m_ObjectHideFlags: 0
  m_PrefabParentObject: {fileID: 22279478, guid: 13155598da289b6468da0742062328f5,
    type: 2}
  m_PrefabInternal: {fileID: 1368200695}
  m_GameObject: {fileID: 514515439}
--- !u!1 &586704754
GameObject:
  m_ObjectHideFlags: 0
  m_PrefabParentObject: {fileID: 179446, guid: 13155598da289b6468da0742062328f5, type: 2}
  m_PrefabInternal: {fileID: 1368200695}
  serializedVersion: 5
  m_Component:
  - component: {fileID: 586704755}
  - component: {fileID: 586704757}
  - component: {fileID: 586704756}
  m_Layer: 5
  m_Name: Text
  m_TagString: Untagged
  m_Icon: {fileID: 0}
  m_NavMeshLayer: 0
  m_StaticEditorFlags: 0
  m_IsActive: 1
--- !u!224 &586704755
RectTransform:
  m_ObjectHideFlags: 0
  m_PrefabParentObject: {fileID: 22479446, guid: 13155598da289b6468da0742062328f5,
    type: 2}
  m_PrefabInternal: {fileID: 1368200695}
  m_GameObject: {fileID: 586704754}
  m_LocalRotation: {x: 0, y: 0, z: 0, w: 1}
  m_LocalPosition: {x: 0, y: 0, z: 0}
  m_LocalScale: {x: 1, y: 1, z: 1}
  m_Children: []
  m_Father: {fileID: 805337306}
  m_RootOrder: 2
  m_LocalEulerAnglesHint: {x: 0, y: 0, z: 0}
  m_AnchorMin: {x: 0.5, y: 0.5}
  m_AnchorMax: {x: 0.5, y: 0.5}
  m_AnchoredPosition: {x: 0, y: -29}
  m_SizeDelta: {x: 211.06, y: 67}
  m_Pivot: {x: 0.5, y: 0.5}
--- !u!114 &586704756
MonoBehaviour:
  m_ObjectHideFlags: 0
  m_PrefabParentObject: {fileID: 11479436, guid: 13155598da289b6468da0742062328f5,
    type: 2}
  m_PrefabInternal: {fileID: 1368200695}
  m_GameObject: {fileID: 586704754}
  m_Enabled: 1
  m_EditorHideFlags: 0
  m_Script: {fileID: 708705254, guid: f5f67c52d1564df4a8936ccd202a3bd8, type: 3}
  m_Name: 
  m_EditorClassIdentifier: 
  m_Material: {fileID: 0}
  m_Color: {r: 0.9044118, g: 0.9044118, b: 0.9044118, a: 1}
  m_RaycastTarget: 1
  m_OnCullStateChanged:
    m_PersistentCalls:
      m_Calls: []
    m_TypeName: UnityEngine.UI.MaskableGraphic+CullStateChangedEvent, UnityEngine.UI,
      Version=1.0.0.0, Culture=neutral, PublicKeyToken=null
  m_FontData:
    m_Font: {fileID: 12800000, guid: bd1ea67ca2b5742d1a24fcbdc17c55e1, type: 3}
    m_FontSize: 45
    m_FontStyle: 0
    m_BestFit: 0
    m_MinSize: 10
    m_MaxSize: 45
    m_Alignment: 4
    m_AlignByGeometry: 0
    m_RichText: 1
    m_HorizontalOverflow: 0
    m_VerticalOverflow: 0
    m_LineSpacing: 1
  m_Text: Calories
--- !u!222 &586704757
CanvasRenderer:
  m_ObjectHideFlags: 0
  m_PrefabParentObject: {fileID: 22279448, guid: 13155598da289b6468da0742062328f5,
    type: 2}
  m_PrefabInternal: {fileID: 1368200695}
  m_GameObject: {fileID: 586704754}
--- !u!1 &629231240
GameObject:
  m_ObjectHideFlags: 0
  m_PrefabParentObject: {fileID: 179488, guid: 13155598da289b6468da0742062328f5, type: 2}
  m_PrefabInternal: {fileID: 1368200695}
  serializedVersion: 5
  m_Component:
  - component: {fileID: 629231241}
  - component: {fileID: 629231243}
  - component: {fileID: 629231242}
  m_Layer: 5
  m_Name: Text
  m_TagString: Untagged
  m_Icon: {fileID: 0}
  m_NavMeshLayer: 0
  m_StaticEditorFlags: 0
  m_IsActive: 1
--- !u!224 &629231241
RectTransform:
  m_ObjectHideFlags: 0
  m_PrefabParentObject: {fileID: 22479488, guid: 13155598da289b6468da0742062328f5,
    type: 2}
  m_PrefabInternal: {fileID: 1368200695}
  m_GameObject: {fileID: 629231240}
  m_LocalRotation: {x: 0, y: 0, z: 0, w: 1}
  m_LocalPosition: {x: 0, y: 0, z: 0}
  m_LocalScale: {x: 1, y: 1, z: 1}
  m_Children: []
  m_Father: {fileID: 1398478485}
  m_RootOrder: 3
  m_LocalEulerAnglesHint: {x: 0, y: 0, z: 0}
  m_AnchorMin: {x: 0.5, y: 0.5}
  m_AnchorMax: {x: 0.5, y: 0.5}
  m_AnchoredPosition: {x: 0, y: -29}
  m_SizeDelta: {x: 211.06, y: 67}
  m_Pivot: {x: 0.5, y: 0.5}
--- !u!114 &629231242
MonoBehaviour:
  m_ObjectHideFlags: 0
  m_PrefabParentObject: {fileID: 11479484, guid: 13155598da289b6468da0742062328f5,
    type: 2}
  m_PrefabInternal: {fileID: 1368200695}
  m_GameObject: {fileID: 629231240}
  m_Enabled: 1
  m_EditorHideFlags: 0
  m_Script: {fileID: 708705254, guid: f5f67c52d1564df4a8936ccd202a3bd8, type: 3}
  m_Name: 
  m_EditorClassIdentifier: 
  m_Material: {fileID: 0}
  m_Color: {r: 0.9044118, g: 0.9044118, b: 0.9044118, a: 1}
  m_RaycastTarget: 1
  m_OnCullStateChanged:
    m_PersistentCalls:
      m_Calls: []
    m_TypeName: UnityEngine.UI.MaskableGraphic+CullStateChangedEvent, UnityEngine.UI,
      Version=1.0.0.0, Culture=neutral, PublicKeyToken=null
  m_FontData:
    m_Font: {fileID: 12800000, guid: bd1ea67ca2b5742d1a24fcbdc17c55e1, type: 3}
    m_FontSize: 45
    m_FontStyle: 0
    m_BestFit: 0
    m_MinSize: 10
    m_MaxSize: 45
    m_Alignment: 4
    m_AlignByGeometry: 0
    m_RichText: 1
    m_HorizontalOverflow: 0
    m_VerticalOverflow: 0
    m_LineSpacing: 1
  m_Text: Activities
--- !u!222 &629231243
CanvasRenderer:
  m_ObjectHideFlags: 0
  m_PrefabParentObject: {fileID: 22279488, guid: 13155598da289b6468da0742062328f5,
    type: 2}
  m_PrefabInternal: {fileID: 1368200695}
  m_GameObject: {fileID: 629231240}
--- !u!1 &653376404
GameObject:
  m_ObjectHideFlags: 0
  m_PrefabParentObject: {fileID: 179456, guid: 13155598da289b6468da0742062328f5, type: 2}
  m_PrefabInternal: {fileID: 1368200695}
  serializedVersion: 5
  m_Component:
  - component: {fileID: 653376405}
  - component: {fileID: 653376407}
  - component: {fileID: 653376406}
  m_Layer: 5
  m_Name: Text
  m_TagString: Untagged
  m_Icon: {fileID: 0}
  m_NavMeshLayer: 0
  m_StaticEditorFlags: 0
  m_IsActive: 1
--- !u!224 &653376405
RectTransform:
  m_ObjectHideFlags: 0
  m_PrefabParentObject: {fileID: 22479456, guid: 13155598da289b6468da0742062328f5,
    type: 2}
  m_PrefabInternal: {fileID: 1368200695}
  m_GameObject: {fileID: 653376404}
  m_LocalRotation: {x: 0, y: 0, z: 0, w: 1}
  m_LocalPosition: {x: 0, y: 0, z: 0}
  m_LocalScale: {x: 1, y: 1, z: 1}
  m_Children: []
  m_Father: {fileID: 805337306}
  m_RootOrder: 3
  m_LocalEulerAnglesHint: {x: 0, y: 0, z: 0}
  m_AnchorMin: {x: 0.5, y: 0.5}
  m_AnchorMax: {x: 0.5, y: 0.5}
  m_AnchoredPosition: {x: 0, y: -68}
  m_SizeDelta: {x: 198, y: 42}
  m_Pivot: {x: 0.5, y: 0.5}
--- !u!114 &653376406
MonoBehaviour:
  m_ObjectHideFlags: 0
  m_PrefabParentObject: {fileID: 11479448, guid: 13155598da289b6468da0742062328f5,
    type: 2}
  m_PrefabInternal: {fileID: 1368200695}
  m_GameObject: {fileID: 653376404}
  m_Enabled: 1
  m_EditorHideFlags: 0
  m_Script: {fileID: 708705254, guid: f5f67c52d1564df4a8936ccd202a3bd8, type: 3}
  m_Name: 
  m_EditorClassIdentifier: 
  m_Material: {fileID: 0}
  m_Color: {r: 0.49264705, g: 0.49264705, b: 0.49264705, a: 1}
  m_RaycastTarget: 1
  m_OnCullStateChanged:
    m_PersistentCalls:
      m_Calls: []
    m_TypeName: UnityEngine.UI.MaskableGraphic+CullStateChangedEvent, UnityEngine.UI,
      Version=1.0.0.0, Culture=neutral, PublicKeyToken=null
  m_FontData:
    m_Font: {fileID: 12800000, guid: 218956a5c2a6e42d6a60afccf80b002b, type: 3}
    m_FontSize: 19
    m_FontStyle: 0
    m_BestFit: 0
    m_MinSize: 10
    m_MaxSize: 40
    m_Alignment: 4
    m_AlignByGeometry: 0
    m_RichText: 1
    m_HorizontalOverflow: 0
    m_VerticalOverflow: 0
    m_LineSpacing: 1
  m_Text: READY TO GO
--- !u!222 &653376407
CanvasRenderer:
  m_ObjectHideFlags: 0
  m_PrefabParentObject: {fileID: 22279458, guid: 13155598da289b6468da0742062328f5,
    type: 2}
  m_PrefabInternal: {fileID: 1368200695}
  m_GameObject: {fileID: 653376404}
--- !u!1 &780924402
GameObject:
  m_ObjectHideFlags: 0
  m_PrefabParentObject: {fileID: 179484, guid: 13155598da289b6468da0742062328f5, type: 2}
  m_PrefabInternal: {fileID: 1368200695}
  serializedVersion: 5
  m_Component:
  - component: {fileID: 780924406}
  - component: {fileID: 780924405}
  - component: {fileID: 780924404}
  - component: {fileID: 780924403}
  m_Layer: 5
  m_Name: Charts
  m_TagString: Untagged
  m_Icon: {fileID: 0}
  m_NavMeshLayer: 0
  m_StaticEditorFlags: 0
  m_IsActive: 1
--- !u!114 &780924403
MonoBehaviour:
  m_ObjectHideFlags: 0
  m_PrefabParentObject: {fileID: 11479480, guid: 13155598da289b6468da0742062328f5,
    type: 2}
  m_PrefabInternal: {fileID: 1368200695}
  m_GameObject: {fileID: 780924402}
  m_Enabled: 1
  m_EditorHideFlags: 0
  m_Script: {fileID: 1301386320, guid: f5f67c52d1564df4a8936ccd202a3bd8, type: 3}
  m_Name: 
  m_EditorClassIdentifier: 
  m_IgnoreReversedGraphics: 1
  m_BlockingObjects: 0
  m_BlockingMask:
    serializedVersion: 2
    m_Bits: 4294967295
--- !u!114 &780924404
MonoBehaviour:
  m_ObjectHideFlags: 0
  m_PrefabParentObject: {fileID: 11479478, guid: 13155598da289b6468da0742062328f5,
    type: 2}
  m_PrefabInternal: {fileID: 1368200695}
  m_GameObject: {fileID: 780924402}
  m_Enabled: 1
  m_EditorHideFlags: 0
  m_Script: {fileID: 1980459831, guid: f5f67c52d1564df4a8936ccd202a3bd8, type: 3}
  m_Name: 
  m_EditorClassIdentifier: 
  m_UiScaleMode: 1
  m_ReferencePixelsPerUnit: 100
  m_ScaleFactor: 1
  m_ReferenceResolution: {x: 1536, y: 2048}
  m_ScreenMatchMode: 0
  m_MatchWidthOrHeight: 1
  m_PhysicalUnit: 3
  m_FallbackScreenDPI: 96
  m_DefaultSpriteDPI: 96
  m_DynamicPixelsPerUnit: 1
--- !u!223 &780924405
Canvas:
  m_ObjectHideFlags: 0
  m_PrefabParentObject: {fileID: 22379504, guid: 13155598da289b6468da0742062328f5,
    type: 2}
  m_PrefabInternal: {fileID: 1368200695}
  m_GameObject: {fileID: 780924402}
  m_Enabled: 1
  serializedVersion: 3
  m_RenderMode: 0
  m_Camera: {fileID: 0}
  m_PlaneDistance: 100
  m_PixelPerfect: 1
  m_ReceivesEvents: 1
  m_OverrideSorting: 0
  m_OverridePixelPerfect: 0
  m_SortingBucketNormalizedSize: 0
  m_AdditionalShaderChannelsFlag: 25
  m_SortingLayerID: 0
  m_SortingOrder: 0
  m_TargetDisplay: 0
--- !u!224 &780924406
RectTransform:
  m_ObjectHideFlags: 0
  m_PrefabParentObject: {fileID: 22479484, guid: 13155598da289b6468da0742062328f5,
    type: 2}
  m_PrefabInternal: {fileID: 1368200695}
  m_GameObject: {fileID: 780924402}
  m_LocalRotation: {x: 0, y: 0, z: 0, w: 1}
  m_LocalPosition: {x: 0, y: 0, z: 0}
  m_LocalScale: {x: 0, y: 0, z: 0}
  m_Children:
  - {fileID: 1467639958}
  - {fileID: 1482257477}
  m_Father: {fileID: 0}
  m_RootOrder: 0
  m_LocalEulerAnglesHint: {x: 0, y: 0, z: 0}
  m_AnchorMin: {x: 0, y: 0}
  m_AnchorMax: {x: 0, y: 0}
  m_AnchoredPosition: {x: 0, y: 0}
  m_SizeDelta: {x: 0, y: 0}
  m_Pivot: {x: 0, y: 0}
--- !u!1 &805337305
GameObject:
  m_ObjectHideFlags: 0
  m_PrefabParentObject: {fileID: 179502, guid: 13155598da289b6468da0742062328f5, type: 2}
  m_PrefabInternal: {fileID: 1368200695}
  serializedVersion: 5
  m_Component:
  - component: {fileID: 805337306}
  - component: {fileID: 805337308}
  - component: {fileID: 805337307}
  m_Layer: 5
  m_Name: FillingObject
  m_TagString: Untagged
  m_Icon: {fileID: 0}
  m_NavMeshLayer: 0
  m_StaticEditorFlags: 0
  m_IsActive: 1
--- !u!224 &805337306
RectTransform:
  m_ObjectHideFlags: 0
  m_PrefabParentObject: {fileID: 22479502, guid: 13155598da289b6468da0742062328f5,
    type: 2}
  m_PrefabInternal: {fileID: 1368200695}
  m_GameObject: {fileID: 805337305}
  m_LocalRotation: {x: 0, y: 0, z: 0, w: 1}
  m_LocalPosition: {x: 0, y: 0, z: 0}
  m_LocalScale: {x: 1, y: 1, z: 1}
  m_Children:
  - {fileID: 461790503}
  - {fileID: 81658170}
  - {fileID: 586704755}
  - {fileID: 653376405}
  m_Father: {fileID: 1482257477}
  m_RootOrder: 6
  m_LocalEulerAnglesHint: {x: 0, y: 0, z: 0}
  m_AnchorMin: {x: 0.5, y: 0.5}
  m_AnchorMax: {x: 0.5, y: 0.5}
  m_AnchoredPosition: {x: 344, y: 276}
  m_SizeDelta: {x: 472, y: 472}
  m_Pivot: {x: 0.5, y: 0.5}
--- !u!114 &805337307
MonoBehaviour:
  m_ObjectHideFlags: 0
  m_PrefabParentObject: {fileID: 11479502, guid: 13155598da289b6468da0742062328f5,
    type: 2}
  m_PrefabInternal: {fileID: 1368200695}
  m_GameObject: {fileID: 805337305}
  m_Enabled: 1
  m_EditorHideFlags: 0
  m_Script: {fileID: -765806418, guid: f5f67c52d1564df4a8936ccd202a3bd8, type: 3}
  m_Name: 
  m_EditorClassIdentifier: 
  m_Material: {fileID: 0}
  m_Color: {r: 0.13854672, g: 0.14440073, b: 0.15294118, a: 1}
  m_RaycastTarget: 1
  m_OnCullStateChanged:
    m_PersistentCalls:
      m_Calls: []
    m_TypeName: UnityEngine.UI.MaskableGraphic+CullStateChangedEvent, UnityEngine.UI,
      Version=1.0.0.0, Culture=neutral, PublicKeyToken=null
  m_Sprite: {fileID: 21300000, guid: 0796c5d7e7e637d40a42ad4deab007c5, type: 3}
  m_Type: 3
  m_PreserveAspect: 0
  m_FillCenter: 1
  m_FillMethod: 4
  m_FillAmount: 1
  m_FillClockwise: 1
  m_FillOrigin: 2
--- !u!222 &805337308
CanvasRenderer:
  m_ObjectHideFlags: 0
  m_PrefabParentObject: {fileID: 22279502, guid: 13155598da289b6468da0742062328f5,
    type: 2}
  m_PrefabInternal: {fileID: 1368200695}
  m_GameObject: {fileID: 805337305}
--- !u!1 &864785762
GameObject:
  m_ObjectHideFlags: 0
  m_PrefabParentObject: {fileID: 179480, guid: 13155598da289b6468da0742062328f5, type: 2}
  m_PrefabInternal: {fileID: 1368200695}
  serializedVersion: 5
  m_Component:
  - component: {fileID: 864785763}
  - component: {fileID: 864785766}
  - component: {fileID: 864785765}
  - component: {fileID: 864785764}
  m_Layer: 5
  m_Name: Button
  m_TagString: Untagged
  m_Icon: {fileID: 0}
  m_NavMeshLayer: 0
  m_StaticEditorFlags: 0
  m_IsActive: 1
--- !u!224 &864785763
RectTransform:
  m_ObjectHideFlags: 0
  m_PrefabParentObject: {fileID: 22479480, guid: 13155598da289b6468da0742062328f5,
    type: 2}
  m_PrefabInternal: {fileID: 1368200695}
  m_GameObject: {fileID: 864785762}
  m_LocalRotation: {x: 0, y: 0, z: 0, w: 1}
  m_LocalPosition: {x: 0, y: 0, z: 0}
  m_LocalScale: {x: 1, y: 1, z: 1}
  m_Children: []
  m_Father: {fileID: 1482257477}
  m_RootOrder: 2
  m_LocalEulerAnglesHint: {x: 0, y: 0, z: 0}
  m_AnchorMin: {x: 0.5, y: 0.5}
  m_AnchorMax: {x: 0.5, y: 0.5}
  m_AnchoredPosition: {x: 703, y: 917}
  m_SizeDelta: {x: 47, y: 47}
  m_Pivot: {x: 0.5, y: 0.5}
--- !u!114 &864785764
MonoBehaviour:
  m_ObjectHideFlags: 0
  m_PrefabParentObject: {fileID: 11479474, guid: 13155598da289b6468da0742062328f5,
    type: 2}
  m_PrefabInternal: {fileID: 1368200695}
  m_GameObject: {fileID: 864785762}
  m_Enabled: 1
  m_EditorHideFlags: 0
  m_Script: {fileID: 1392445389, guid: f5f67c52d1564df4a8936ccd202a3bd8, type: 3}
  m_Name: 
  m_EditorClassIdentifier: 
  m_Navigation:
    m_Mode: 3
    m_SelectOnUp: {fileID: 0}
    m_SelectOnDown: {fileID: 0}
    m_SelectOnLeft: {fileID: 0}
    m_SelectOnRight: {fileID: 0}
  m_Transition: 1
  m_Colors:
    m_NormalColor: {r: 1, g: 1, b: 1, a: 1}
    m_HighlightedColor: {r: 0.9607843, g: 0.9607843, b: 0.9607843, a: 1}
    m_PressedColor: {r: 0.78431374, g: 0.78431374, b: 0.78431374, a: 1}
    m_DisabledColor: {r: 0.78431374, g: 0.78431374, b: 0.78431374, a: 0.5019608}
    m_ColorMultiplier: 1
    m_FadeDuration: 0.1
  m_SpriteState:
    m_HighlightedSprite: {fileID: 0}
    m_PressedSprite: {fileID: 0}
    m_DisabledSprite: {fileID: 0}
  m_AnimationTriggers:
    m_NormalTrigger: Normal
    m_HighlightedTrigger: Highlighted
    m_PressedTrigger: Pressed
    m_DisabledTrigger: Disabled
  m_Interactable: 1
  m_TargetGraphic: {fileID: 864785765}
  m_OnClick:
    m_PersistentCalls:
      m_Calls: []
    m_TypeName: UnityEngine.UI.Button+ButtonClickedEvent, UnityEngine.UI, Version=1.0.0.0,
      Culture=neutral, PublicKeyToken=null
--- !u!114 &864785765
MonoBehaviour:
  m_ObjectHideFlags: 0
  m_PrefabParentObject: {fileID: 11479472, guid: 13155598da289b6468da0742062328f5,
    type: 2}
  m_PrefabInternal: {fileID: 1368200695}
  m_GameObject: {fileID: 864785762}
  m_Enabled: 1
  m_EditorHideFlags: 0
  m_Script: {fileID: -765806418, guid: f5f67c52d1564df4a8936ccd202a3bd8, type: 3}
  m_Name: 
  m_EditorClassIdentifier: 
  m_Material: {fileID: 0}
  m_Color: {r: 1, g: 1, b: 1, a: 1}
  m_RaycastTarget: 1
  m_OnCullStateChanged:
    m_PersistentCalls:
      m_Calls: []
    m_TypeName: UnityEngine.UI.MaskableGraphic+CullStateChangedEvent, UnityEngine.UI,
      Version=1.0.0.0, Culture=neutral, PublicKeyToken=null
  m_Sprite: {fileID: 21300000, guid: c4149d18ffdde4429a4479092d29e85c, type: 3}
  m_Type: 0
  m_PreserveAspect: 0
  m_FillCenter: 1
  m_FillMethod: 4
  m_FillAmount: 1
  m_FillClockwise: 1
  m_FillOrigin: 0
--- !u!222 &864785766
CanvasRenderer:
  m_ObjectHideFlags: 0
  m_PrefabParentObject: {fileID: 22279482, guid: 13155598da289b6468da0742062328f5,
    type: 2}
  m_PrefabInternal: {fileID: 1368200695}
  m_GameObject: {fileID: 864785762}
--- !u!1 &932633256
GameObject:
  m_ObjectHideFlags: 0
  m_PrefabParentObject: {fileID: 179478, guid: 13155598da289b6468da0742062328f5, type: 2}
  m_PrefabInternal: {fileID: 1368200695}
  serializedVersion: 5
  m_Component:
  - component: {fileID: 932633257}
  - component: {fileID: 932633259}
  - component: {fileID: 932633258}
  m_Layer: 5
  m_Name: AppTitle
  m_TagString: Untagged
  m_Icon: {fileID: 0}
  m_NavMeshLayer: 0
  m_StaticEditorFlags: 0
  m_IsActive: 1
--- !u!224 &932633257
RectTransform:
  m_ObjectHideFlags: 0
  m_PrefabParentObject: {fileID: 22479478, guid: 13155598da289b6468da0742062328f5,
    type: 2}
  m_PrefabInternal: {fileID: 1368200695}
  m_GameObject: {fileID: 932633256}
  m_LocalRotation: {x: 0, y: 0, z: 0, w: 1}
  m_LocalPosition: {x: 0, y: 0, z: 0}
  m_LocalScale: {x: 1, y: 1, z: 1}
  m_Children: []
  m_Father: {fileID: 1467639958}
  m_RootOrder: 0
  m_LocalEulerAnglesHint: {x: 0, y: 0, z: 0}
  m_AnchorMin: {x: 0.5, y: 0.5}
  m_AnchorMax: {x: 0.5, y: 0.5}
  m_AnchoredPosition: {x: -36.5, y: -88}
  m_SizeDelta: {x: 695, y: 67}
  m_Pivot: {x: 0.5, y: 0.5}
--- !u!114 &932633258
MonoBehaviour:
  m_ObjectHideFlags: 0
  m_PrefabParentObject: {fileID: 11479470, guid: 13155598da289b6468da0742062328f5,
    type: 2}
  m_PrefabInternal: {fileID: 1368200695}
  m_GameObject: {fileID: 932633256}
  m_Enabled: 1
  m_EditorHideFlags: 0
  m_Script: {fileID: 708705254, guid: f5f67c52d1564df4a8936ccd202a3bd8, type: 3}
  m_Name: 
  m_EditorClassIdentifier: 
  m_Material: {fileID: 0}
  m_Color: {r: 0.85490197, g: 0.85490197, b: 0.85490197, a: 1}
  m_RaycastTarget: 1
  m_OnCullStateChanged:
    m_PersistentCalls:
      m_Calls: []
    m_TypeName: UnityEngine.UI.MaskableGraphic+CullStateChangedEvent, UnityEngine.UI,
      Version=1.0.0.0, Culture=neutral, PublicKeyToken=null
  m_FontData:
    m_Font: {fileID: 12800000, guid: 218956a5c2a6e42d6a60afccf80b002b, type: 3}
    m_FontSize: 40
    m_FontStyle: 0
    m_BestFit: 0
    m_MinSize: 10
    m_MaxSize: 40
    m_Alignment: 0
    m_AlignByGeometry: 0
    m_RichText: 1
    m_HorizontalOverflow: 0
    m_VerticalOverflow: 1
    m_LineSpacing: 1
  m_Text: APP SAMPLE TABLET
--- !u!222 &932633259
CanvasRenderer:
  m_ObjectHideFlags: 0
  m_PrefabParentObject: {fileID: 22279480, guid: 13155598da289b6468da0742062328f5,
    type: 2}
  m_PrefabInternal: {fileID: 1368200695}
  m_GameObject: {fileID: 932633256}
--- !u!1 &955239261
GameObject:
  m_ObjectHideFlags: 0
  m_PrefabParentObject: {fileID: 179470, guid: 13155598da289b6468da0742062328f5, type: 2}
  m_PrefabInternal: {fileID: 1368200695}
  serializedVersion: 5
  m_Component:
  - component: {fileID: 955239262}
  - component: {fileID: 955239264}
  - component: {fileID: 955239263}
  m_Layer: 5
  m_Name: Text
  m_TagString: Untagged
  m_Icon: {fileID: 0}
  m_NavMeshLayer: 0
  m_StaticEditorFlags: 0
  m_IsActive: 1
--- !u!224 &955239262
RectTransform:
  m_ObjectHideFlags: 0
  m_PrefabParentObject: {fileID: 22479470, guid: 13155598da289b6468da0742062328f5,
    type: 2}
  m_PrefabInternal: {fileID: 1368200695}
  m_GameObject: {fileID: 955239261}
  m_LocalRotation: {x: 0, y: 0, z: 0, w: 1}
  m_LocalPosition: {x: 0, y: 0, z: 0}
  m_LocalScale: {x: 1, y: 1, z: 1}
  m_Children: []
  m_Father: {fileID: 1482257477}
  m_RootOrder: 3
  m_LocalEulerAnglesHint: {x: 0, y: 0, z: 0}
  m_AnchorMin: {x: 0.5, y: 0.5}
  m_AnchorMax: {x: 0.5, y: 0.5}
  m_AnchoredPosition: {x: 0, y: 917}
  m_SizeDelta: {x: 356, y: 142}
  m_Pivot: {x: 0.5, y: 0.5}
--- !u!114 &955239263
MonoBehaviour:
  m_ObjectHideFlags: 0
  m_PrefabParentObject: {fileID: 11479462, guid: 13155598da289b6468da0742062328f5,
    type: 2}
  m_PrefabInternal: {fileID: 1368200695}
  m_GameObject: {fileID: 955239261}
  m_Enabled: 1
  m_EditorHideFlags: 0
  m_Script: {fileID: 708705254, guid: f5f67c52d1564df4a8936ccd202a3bd8, type: 3}
  m_Name: 
  m_EditorClassIdentifier: 
  m_Material: {fileID: 0}
  m_Color: {r: 1, g: 1, b: 1, a: 1}
  m_RaycastTarget: 1
  m_OnCullStateChanged:
    m_PersistentCalls:
      m_Calls: []
    m_TypeName: UnityEngine.UI.MaskableGraphic+CullStateChangedEvent, UnityEngine.UI,
      Version=1.0.0.0, Culture=neutral, PublicKeyToken=null
  m_FontData:
    m_Font: {fileID: 12800000, guid: 7dfc2e1472ac84e1bb749a8a9f934483, type: 3}
    m_FontSize: 35
    m_FontStyle: 0
    m_BestFit: 0
    m_MinSize: 10
    m_MaxSize: 40
    m_Alignment: 4
    m_AlignByGeometry: 0
    m_RichText: 1
    m_HorizontalOverflow: 0
    m_VerticalOverflow: 0
    m_LineSpacing: 1
  m_Text: beffio
--- !u!222 &955239264
CanvasRenderer:
  m_ObjectHideFlags: 0
  m_PrefabParentObject: {fileID: 22279472, guid: 13155598da289b6468da0742062328f5,
    type: 2}
  m_PrefabInternal: {fileID: 1368200695}
  m_GameObject: {fileID: 955239261}
--- !u!1 &1033062636
GameObject:
  m_ObjectHideFlags: 0
  m_PrefabParentObject: {fileID: 0}
  m_PrefabInternal: {fileID: 0}
  serializedVersion: 5
  m_Component:
  - component: {fileID: 1033062637}
  m_Layer: 0
  m_Name: __REAL_PIXELS_1536x2048
  m_TagString: Untagged
  m_Icon: {fileID: 0}
  m_NavMeshLayer: 0
  m_StaticEditorFlags: 0
  m_IsActive: 1
--- !u!4 &1033062637
Transform:
  m_ObjectHideFlags: 0
  m_PrefabParentObject: {fileID: 0}
  m_PrefabInternal: {fileID: 0}
  m_GameObject: {fileID: 1033062636}
  m_LocalRotation: {x: 0, y: 0, z: 0, w: 1}
  m_LocalPosition: {x: 494.995, y: 627.74, z: 0}
  m_LocalScale: {x: 1, y: 1, z: 1}
  m_Children: []
  m_Father: {fileID: 0}
  m_RootOrder: 3
  m_LocalEulerAnglesHint: {x: 0, y: 0, z: 0}
--- !u!1 &1035596499
GameObject:
  m_ObjectHideFlags: 0
  m_PrefabParentObject: {fileID: 179498, guid: 13155598da289b6468da0742062328f5, type: 2}
  m_PrefabInternal: {fileID: 1368200695}
  serializedVersion: 5
  m_Component:
  - component: {fileID: 1035596500}
  - component: {fileID: 1035596502}
  - component: {fileID: 1035596501}
  m_Layer: 5
  m_Name: Text
  m_TagString: Untagged
  m_Icon: {fileID: 0}
  m_NavMeshLayer: 0
  m_StaticEditorFlags: 0
  m_IsActive: 1
--- !u!224 &1035596500
RectTransform:
  m_ObjectHideFlags: 0
  m_PrefabParentObject: {fileID: 22479498, guid: 13155598da289b6468da0742062328f5,
    type: 2}
  m_PrefabInternal: {fileID: 1368200695}
  m_GameObject: {fileID: 1035596499}
  m_LocalRotation: {x: 0, y: 0, z: 0, w: 1}
  m_LocalPosition: {x: 0, y: 0, z: 0}
  m_LocalScale: {x: 1, y: 1, z: 1}
  m_Children: []
  m_Father: {fileID: 30508339}
  m_RootOrder: 2
  m_LocalEulerAnglesHint: {x: 0, y: 0, z: 0}
  m_AnchorMin: {x: 0.5, y: 0.5}
  m_AnchorMax: {x: 0.5, y: 0.5}
  m_AnchoredPosition: {x: 0, y: -80}
  m_SizeDelta: {x: 198, y: 42}
  m_Pivot: {x: 0.5, y: 0.5}
--- !u!114 &1035596501
MonoBehaviour:
  m_ObjectHideFlags: 0
  m_PrefabParentObject: {fileID: 11479496, guid: 13155598da289b6468da0742062328f5,
    type: 2}
  m_PrefabInternal: {fileID: 1368200695}
  m_GameObject: {fileID: 1035596499}
  m_Enabled: 1
  m_EditorHideFlags: 0
  m_Script: {fileID: 708705254, guid: f5f67c52d1564df4a8936ccd202a3bd8, type: 3}
  m_Name: 
  m_EditorClassIdentifier: 
  m_Material: {fileID: 0}
  m_Color: {r: 0.49264705, g: 0.49264705, b: 0.49264705, a: 1}
  m_RaycastTarget: 1
  m_OnCullStateChanged:
    m_PersistentCalls:
      m_Calls: []
    m_TypeName: UnityEngine.UI.MaskableGraphic+CullStateChangedEvent, UnityEngine.UI,
      Version=1.0.0.0, Culture=neutral, PublicKeyToken=null
  m_FontData:
    m_Font: {fileID: 12800000, guid: 218956a5c2a6e42d6a60afccf80b002b, type: 3}
    m_FontSize: 19
    m_FontStyle: 0
    m_BestFit: 0
    m_MinSize: 10
    m_MaxSize: 40
    m_Alignment: 4
    m_AlignByGeometry: 0
    m_RichText: 1
    m_HorizontalOverflow: 0
    m_VerticalOverflow: 0
    m_LineSpacing: 1
  m_Text: READY TO GO
--- !u!222 &1035596502
CanvasRenderer:
  m_ObjectHideFlags: 0
  m_PrefabParentObject: {fileID: 22279498, guid: 13155598da289b6468da0742062328f5,
    type: 2}
  m_PrefabInternal: {fileID: 1368200695}
  m_GameObject: {fileID: 1035596499}
--- !u!1 &1068642194
GameObject:
  m_ObjectHideFlags: 0
  m_PrefabParentObject: {fileID: 179454, guid: 13155598da289b6468da0742062328f5, type: 2}
  m_PrefabInternal: {fileID: 1368200695}
  serializedVersion: 5
  m_Component:
  - component: {fileID: 1068642195}
  - component: {fileID: 1068642197}
  - component: {fileID: 1068642196}
  m_Layer: 5
  m_Name: Text
  m_TagString: Untagged
  m_Icon: {fileID: 0}
  m_NavMeshLayer: 0
  m_StaticEditorFlags: 0
  m_IsActive: 1
--- !u!224 &1068642195
RectTransform:
  m_ObjectHideFlags: 0
  m_PrefabParentObject: {fileID: 22479454, guid: 13155598da289b6468da0742062328f5,
    type: 2}
  m_PrefabInternal: {fileID: 1368200695}
  m_GameObject: {fileID: 1068642194}
  m_LocalRotation: {x: 0, y: 0, z: 0, w: 1}
  m_LocalPosition: {x: 0, y: 0, z: 0}
  m_LocalScale: {x: 1, y: 1, z: 1}
  m_Children: []
  m_Father: {fileID: 1398478485}
  m_RootOrder: 1
  m_LocalEulerAnglesHint: {x: 0, y: 0, z: 0}
  m_AnchorMin: {x: 0.5, y: 0.5}
  m_AnchorMax: {x: 0.5, y: 0.5}
  m_AnchoredPosition: {x: 0, y: 44}
  m_SizeDelta: {x: 155.4, y: 122.1}
  m_Pivot: {x: 0.5, y: 0.5}
--- !u!114 &1068642196
MonoBehaviour:
  m_ObjectHideFlags: 0
  m_PrefabParentObject: {fileID: 11479446, guid: 13155598da289b6468da0742062328f5,
    type: 2}
  m_PrefabInternal: {fileID: 1368200695}
  m_GameObject: {fileID: 1068642194}
  m_Enabled: 1
  m_EditorHideFlags: 0
  m_Script: {fileID: 708705254, guid: f5f67c52d1564df4a8936ccd202a3bd8, type: 3}
  m_Name: 
  m_EditorClassIdentifier: 
  m_Material: {fileID: 0}
  m_Color: {r: 0.99215686, g: 0.4509804, b: 0.44313726, a: 1}
  m_RaycastTarget: 1
  m_OnCullStateChanged:
    m_PersistentCalls:
      m_Calls: []
    m_TypeName: UnityEngine.UI.MaskableGraphic+CullStateChangedEvent, UnityEngine.UI,
      Version=1.0.0.0, Culture=neutral, PublicKeyToken=null
  m_FontData:
    m_Font: {fileID: 12800000, guid: 0302b41c1bd344c75aa27df81f317832, type: 3}
    m_FontSize: 56
    m_FontStyle: 0
    m_BestFit: 0
    m_MinSize: 10
    m_MaxSize: 56
    m_Alignment: 4
    m_AlignByGeometry: 0
    m_RichText: 1
    m_HorizontalOverflow: 0
    m_VerticalOverflow: 0
    m_LineSpacing: 1
  m_Text: 40%
--- !u!222 &1068642197
CanvasRenderer:
  m_ObjectHideFlags: 0
  m_PrefabParentObject: {fileID: 22279456, guid: 13155598da289b6468da0742062328f5,
    type: 2}
  m_PrefabInternal: {fileID: 1368200695}
  m_GameObject: {fileID: 1068642194}
--- !u!1 &1155232655
GameObject:
  m_ObjectHideFlags: 0
  m_PrefabParentObject: {fileID: 179472, guid: 13155598da289b6468da0742062328f5, type: 2}
  m_PrefabInternal: {fileID: 1368200695}
  serializedVersion: 5
  m_Component:
  - component: {fileID: 1155232656}
  - component: {fileID: 1155232658}
  - component: {fileID: 1155232657}
  m_Layer: 5
  m_Name: FillingObject
  m_TagString: Untagged
  m_Icon: {fileID: 0}
  m_NavMeshLayer: 0
  m_StaticEditorFlags: 0
  m_IsActive: 1
--- !u!224 &1155232656
RectTransform:
  m_ObjectHideFlags: 0
  m_PrefabParentObject: {fileID: 22479472, guid: 13155598da289b6468da0742062328f5,
    type: 2}
  m_PrefabInternal: {fileID: 1368200695}
  m_GameObject: {fileID: 1155232655}
  m_LocalRotation: {x: 0, y: 0, z: 0, w: 1}
  m_LocalPosition: {x: 0, y: 0, z: 0}
  m_LocalScale: {x: 1, y: 1, z: 1}
  m_Children:
  - {fileID: 471290615}
  - {fileID: 67950745}
  - {fileID: 1256349390}
  m_Father: {fileID: 1482257477}
  m_RootOrder: 7
  m_LocalEulerAnglesHint: {x: 0, y: 0, z: 0}
  m_AnchorMin: {x: 0.5, y: 0.5}
  m_AnchorMax: {x: 0.5, y: 0.5}
  m_AnchoredPosition: {x: -339, y: -505}
  m_SizeDelta: {x: 472, y: 472}
  m_Pivot: {x: 0.5, y: 0.5}
--- !u!114 &1155232657
MonoBehaviour:
  m_ObjectHideFlags: 0
  m_PrefabParentObject: {fileID: 11479464, guid: 13155598da289b6468da0742062328f5,
    type: 2}
  m_PrefabInternal: {fileID: 1368200695}
  m_GameObject: {fileID: 1155232655}
  m_Enabled: 1
  m_EditorHideFlags: 0
  m_Script: {fileID: -765806418, guid: f5f67c52d1564df4a8936ccd202a3bd8, type: 3}
  m_Name: 
  m_EditorClassIdentifier: 
  m_Material: {fileID: 0}
  m_Color: {r: 0.13854672, g: 0.14440073, b: 0.15294118, a: 1}
  m_RaycastTarget: 1
  m_OnCullStateChanged:
    m_PersistentCalls:
      m_Calls: []
    m_TypeName: UnityEngine.UI.MaskableGraphic+CullStateChangedEvent, UnityEngine.UI,
      Version=1.0.0.0, Culture=neutral, PublicKeyToken=null
  m_Sprite: {fileID: 21300000, guid: 0796c5d7e7e637d40a42ad4deab007c5, type: 3}
  m_Type: 3
  m_PreserveAspect: 0
  m_FillCenter: 1
  m_FillMethod: 4
  m_FillAmount: 1
  m_FillClockwise: 1
  m_FillOrigin: 2
--- !u!222 &1155232658
CanvasRenderer:
  m_ObjectHideFlags: 0
  m_PrefabParentObject: {fileID: 22279474, guid: 13155598da289b6468da0742062328f5,
    type: 2}
  m_PrefabInternal: {fileID: 1368200695}
  m_GameObject: {fileID: 1155232655}
--- !u!1 &1256349389
GameObject:
  m_ObjectHideFlags: 0
  m_PrefabParentObject: {fileID: 179468, guid: 13155598da289b6468da0742062328f5, type: 2}
  m_PrefabInternal: {fileID: 1368200695}
  serializedVersion: 5
  m_Component:
  - component: {fileID: 1256349390}
  - component: {fileID: 1256349392}
  - component: {fileID: 1256349391}
  m_Layer: 5
  m_Name: Text
  m_TagString: Untagged
  m_Icon: {fileID: 0}
  m_NavMeshLayer: 0
  m_StaticEditorFlags: 0
  m_IsActive: 1
--- !u!224 &1256349390
RectTransform:
  m_ObjectHideFlags: 0
  m_PrefabParentObject: {fileID: 22479468, guid: 13155598da289b6468da0742062328f5,
    type: 2}
  m_PrefabInternal: {fileID: 1368200695}
  m_GameObject: {fileID: 1256349389}
  m_LocalRotation: {x: 0, y: 0, z: 0, w: 1}
  m_LocalPosition: {x: 0, y: 0, z: 0}
  m_LocalScale: {x: 1, y: 1, z: 1}
  m_Children: []
  m_Father: {fileID: 1155232656}
  m_RootOrder: 2
  m_LocalEulerAnglesHint: {x: 0, y: 0, z: 0}
  m_AnchorMin: {x: 0.5, y: 0.5}
  m_AnchorMax: {x: 0.5, y: 0.5}
  m_AnchoredPosition: {x: 0, y: -79}
  m_SizeDelta: {x: 198, y: 42}
  m_Pivot: {x: 0.5, y: 0.5}
--- !u!114 &1256349391
MonoBehaviour:
  m_ObjectHideFlags: 0
  m_PrefabParentObject: {fileID: 11479460, guid: 13155598da289b6468da0742062328f5,
    type: 2}
  m_PrefabInternal: {fileID: 1368200695}
  m_GameObject: {fileID: 1256349389}
  m_Enabled: 1
  m_EditorHideFlags: 0
  m_Script: {fileID: 708705254, guid: f5f67c52d1564df4a8936ccd202a3bd8, type: 3}
  m_Name: 
  m_EditorClassIdentifier: 
  m_Material: {fileID: 0}
  m_Color: {r: 0.49264705, g: 0.49264705, b: 0.49264705, a: 1}
  m_RaycastTarget: 1
  m_OnCullStateChanged:
    m_PersistentCalls:
      m_Calls: []
    m_TypeName: UnityEngine.UI.MaskableGraphic+CullStateChangedEvent, UnityEngine.UI,
      Version=1.0.0.0, Culture=neutral, PublicKeyToken=null
  m_FontData:
    m_Font: {fileID: 12800000, guid: 218956a5c2a6e42d6a60afccf80b002b, type: 3}
    m_FontSize: 19
    m_FontStyle: 0
    m_BestFit: 0
    m_MinSize: 10
    m_MaxSize: 40
    m_Alignment: 4
    m_AlignByGeometry: 0
    m_RichText: 1
    m_HorizontalOverflow: 0
    m_VerticalOverflow: 0
    m_LineSpacing: 1
  m_Text: READY TO GO
--- !u!222 &1256349392
CanvasRenderer:
  m_ObjectHideFlags: 0
  m_PrefabParentObject: {fileID: 22279470, guid: 13155598da289b6468da0742062328f5,
    type: 2}
  m_PrefabInternal: {fileID: 1368200695}
  m_GameObject: {fileID: 1256349389}
--- !u!1 &1267279324
GameObject:
  m_ObjectHideFlags: 0
  m_PrefabParentObject: {fileID: 179500, guid: 13155598da289b6468da0742062328f5, type: 2}
  m_PrefabInternal: {fileID: 1368200695}
  serializedVersion: 5
  m_Component:
  - component: {fileID: 1267279325}
  - component: {fileID: 1267279328}
  - component: {fileID: 1267279327}
  - component: {fileID: 1267279326}
  m_Layer: 5
  m_Name: Button
  m_TagString: Untagged
  m_Icon: {fileID: 0}
  m_NavMeshLayer: 0
  m_StaticEditorFlags: 0
  m_IsActive: 1
--- !u!224 &1267279325
RectTransform:
  m_ObjectHideFlags: 0
  m_PrefabParentObject: {fileID: 22479500, guid: 13155598da289b6468da0742062328f5,
    type: 2}
  m_PrefabInternal: {fileID: 1368200695}
  m_GameObject: {fileID: 1267279324}
  m_LocalRotation: {x: 0, y: 0, z: 1, w: -0.00000004371139}
  m_LocalPosition: {x: 0, y: 0, z: 0}
  m_LocalScale: {x: 1, y: 1, z: 1}
  m_Children:
  - {fileID: 1709791309}
  m_Father: {fileID: 1482257477}
  m_RootOrder: 4
  m_LocalEulerAnglesHint: {x: 0, y: 0, z: 0}
  m_AnchorMin: {x: 0.5, y: 0.5}
  m_AnchorMax: {x: 0.5, y: 0.5}
  m_AnchoredPosition: {x: -486.5, y: 751}
  m_SizeDelta: {x: 409, y: 100}
  m_Pivot: {x: 0.5, y: 0.5}
--- !u!114 &1267279326
MonoBehaviour:
  m_ObjectHideFlags: 0
  m_PrefabParentObject: {fileID: 11479500, guid: 13155598da289b6468da0742062328f5,
    type: 2}
  m_PrefabInternal: {fileID: 1368200695}
  m_GameObject: {fileID: 1267279324}
  m_Enabled: 1
  m_EditorHideFlags: 0
  m_Script: {fileID: 1392445389, guid: f5f67c52d1564df4a8936ccd202a3bd8, type: 3}
  m_Name: 
  m_EditorClassIdentifier: 
  m_Navigation:
    m_Mode: 3
    m_SelectOnUp: {fileID: 0}
    m_SelectOnDown: {fileID: 0}
    m_SelectOnLeft: {fileID: 0}
    m_SelectOnRight: {fileID: 0}
  m_Transition: 1
  m_Colors:
    m_NormalColor: {r: 1, g: 1, b: 1, a: 1}
    m_HighlightedColor: {r: 0.9607843, g: 0.9607843, b: 0.9607843, a: 1}
    m_PressedColor: {r: 0.78431374, g: 0.78431374, b: 0.78431374, a: 1}
    m_DisabledColor: {r: 0.78431374, g: 0.78431374, b: 0.78431374, a: 0.5019608}
    m_ColorMultiplier: 1
    m_FadeDuration: 0.1
  m_SpriteState:
    m_HighlightedSprite: {fileID: 0}
    m_PressedSprite: {fileID: 0}
    m_DisabledSprite: {fileID: 0}
  m_AnimationTriggers:
    m_NormalTrigger: Normal
    m_HighlightedTrigger: Highlighted
    m_PressedTrigger: Pressed
    m_DisabledTrigger: Disabled
  m_Interactable: 1
  m_TargetGraphic: {fileID: 1267279327}
  m_OnClick:
    m_PersistentCalls:
      m_Calls: []
    m_TypeName: UnityEngine.UI.Button+ButtonClickedEvent, UnityEngine.UI, Version=1.0.0.0,
      Culture=neutral, PublicKeyToken=null
--- !u!114 &1267279327
MonoBehaviour:
  m_ObjectHideFlags: 0
  m_PrefabParentObject: {fileID: 11479498, guid: 13155598da289b6468da0742062328f5,
    type: 2}
  m_PrefabInternal: {fileID: 1368200695}
  m_GameObject: {fileID: 1267279324}
  m_Enabled: 1
  m_EditorHideFlags: 0
  m_Script: {fileID: -765806418, guid: f5f67c52d1564df4a8936ccd202a3bd8, type: 3}
  m_Name: 
  m_EditorClassIdentifier: 
  m_Material: {fileID: 0}
  m_Color: {r: 0.17165874, g: 0.9338235, b: 0.55536926, a: 1}
  m_RaycastTarget: 1
  m_OnCullStateChanged:
    m_PersistentCalls:
      m_Calls: []
    m_TypeName: UnityEngine.UI.MaskableGraphic+CullStateChangedEvent, UnityEngine.UI,
      Version=1.0.0.0, Culture=neutral, PublicKeyToken=null
  m_Sprite: {fileID: 21300000, guid: e2d222ff67f498a4ba4efc3d7ee2986a, type: 3}
  m_Type: 1
  m_PreserveAspect: 0
  m_FillCenter: 1
  m_FillMethod: 4
  m_FillAmount: 1
  m_FillClockwise: 1
  m_FillOrigin: 0
--- !u!222 &1267279328
CanvasRenderer:
  m_ObjectHideFlags: 0
  m_PrefabParentObject: {fileID: 22279500, guid: 13155598da289b6468da0742062328f5,
    type: 2}
  m_PrefabInternal: {fileID: 1368200695}
  m_GameObject: {fileID: 1267279324}
--- !u!1 &1361201756
GameObject:
  m_ObjectHideFlags: 0
  m_PrefabParentObject: {fileID: 179462, guid: 13155598da289b6468da0742062328f5, type: 2}
  m_PrefabInternal: {fileID: 1368200695}
  serializedVersion: 5
  m_Component:
  - component: {fileID: 1361201757}
  - component: {fileID: 1361201759}
  - component: {fileID: 1361201758}
  m_Layer: 5
  m_Name: Text
  m_TagString: Untagged
  m_Icon: {fileID: 0}
  m_NavMeshLayer: 0
  m_StaticEditorFlags: 0
  m_IsActive: 1
--- !u!224 &1361201757
RectTransform:
  m_ObjectHideFlags: 0
  m_PrefabParentObject: {fileID: 22479462, guid: 13155598da289b6468da0742062328f5,
    type: 2}
  m_PrefabInternal: {fileID: 1368200695}
  m_GameObject: {fileID: 1361201756}
  m_LocalRotation: {x: 0, y: 0, z: 0, w: 1}
  m_LocalPosition: {x: 0, y: 0, z: 0}
  m_LocalScale: {x: 1, y: 1, z: 1}
  m_Children: []
  m_Father: {fileID: 1398478485}
  m_RootOrder: 4
  m_LocalEulerAnglesHint: {x: 0, y: 0, z: 0}
  m_AnchorMin: {x: 0.5, y: 0.5}
  m_AnchorMax: {x: 0.5, y: 0.5}
  m_AnchoredPosition: {x: 0, y: -68}
  m_SizeDelta: {x: 198, y: 42}
  m_Pivot: {x: 0.5, y: 0.5}
--- !u!114 &1361201758
MonoBehaviour:
  m_ObjectHideFlags: 0
  m_PrefabParentObject: {fileID: 11479454, guid: 13155598da289b6468da0742062328f5,
    type: 2}
  m_PrefabInternal: {fileID: 1368200695}
  m_GameObject: {fileID: 1361201756}
  m_Enabled: 1
  m_EditorHideFlags: 0
  m_Script: {fileID: 708705254, guid: f5f67c52d1564df4a8936ccd202a3bd8, type: 3}
  m_Name: 
  m_EditorClassIdentifier: 
  m_Material: {fileID: 0}
  m_Color: {r: 0.49264705, g: 0.49264705, b: 0.49264705, a: 1}
  m_RaycastTarget: 1
  m_OnCullStateChanged:
    m_PersistentCalls:
      m_Calls: []
    m_TypeName: UnityEngine.UI.MaskableGraphic+CullStateChangedEvent, UnityEngine.UI,
      Version=1.0.0.0, Culture=neutral, PublicKeyToken=null
  m_FontData:
    m_Font: {fileID: 12800000, guid: 218956a5c2a6e42d6a60afccf80b002b, type: 3}
    m_FontSize: 19
    m_FontStyle: 0
    m_BestFit: 0
    m_MinSize: 10
    m_MaxSize: 40
    m_Alignment: 4
    m_AlignByGeometry: 0
    m_RichText: 1
    m_HorizontalOverflow: 0
    m_VerticalOverflow: 0
    m_LineSpacing: 1
  m_Text: READY TO GO
--- !u!222 &1361201759
CanvasRenderer:
  m_ObjectHideFlags: 0
  m_PrefabParentObject: {fileID: 22279464, guid: 13155598da289b6468da0742062328f5,
    type: 2}
  m_PrefabInternal: {fileID: 1368200695}
  m_GameObject: {fileID: 1361201756}
--- !u!1001 &1368200695
Prefab:
  m_ObjectHideFlags: 0
  serializedVersion: 2
  m_Modification:
    m_TransformParent: {fileID: 0}
    m_Modifications:
    - target: {fileID: 22479484, guid: 13155598da289b6468da0742062328f5, type: 2}
      propertyPath: m_LocalPosition.x
      value: 0
      objectReference: {fileID: 0}
    - target: {fileID: 22479484, guid: 13155598da289b6468da0742062328f5, type: 2}
      propertyPath: m_LocalPosition.y
      value: 0
      objectReference: {fileID: 0}
    - target: {fileID: 22479484, guid: 13155598da289b6468da0742062328f5, type: 2}
      propertyPath: m_LocalPosition.z
      value: 0
      objectReference: {fileID: 0}
    - target: {fileID: 22479484, guid: 13155598da289b6468da0742062328f5, type: 2}
      propertyPath: m_LocalRotation.x
      value: 0
      objectReference: {fileID: 0}
    - target: {fileID: 22479484, guid: 13155598da289b6468da0742062328f5, type: 2}
      propertyPath: m_LocalRotation.y
      value: 0
      objectReference: {fileID: 0}
    - target: {fileID: 22479484, guid: 13155598da289b6468da0742062328f5, type: 2}
      propertyPath: m_LocalRotation.z
      value: 0
      objectReference: {fileID: 0}
    - target: {fileID: 22479484, guid: 13155598da289b6468da0742062328f5, type: 2}
      propertyPath: m_LocalRotation.w
      value: 1
      objectReference: {fileID: 0}
    - target: {fileID: 22479484, guid: 13155598da289b6468da0742062328f5, type: 2}
      propertyPath: m_RootOrder
      value: 0
      objectReference: {fileID: 0}
    - target: {fileID: 22479484, guid: 13155598da289b6468da0742062328f5, type: 2}
      propertyPath: m_AnchoredPosition.x
      value: 0
      objectReference: {fileID: 0}
    - target: {fileID: 22479484, guid: 13155598da289b6468da0742062328f5, type: 2}
      propertyPath: m_AnchoredPosition.y
      value: 0
      objectReference: {fileID: 0}
    - target: {fileID: 22479484, guid: 13155598da289b6468da0742062328f5, type: 2}
      propertyPath: m_SizeDelta.x
      value: 0
      objectReference: {fileID: 0}
    - target: {fileID: 22479484, guid: 13155598da289b6468da0742062328f5, type: 2}
      propertyPath: m_SizeDelta.y
      value: 0
      objectReference: {fileID: 0}
    - target: {fileID: 22479484, guid: 13155598da289b6468da0742062328f5, type: 2}
      propertyPath: m_AnchorMin.x
      value: 0
      objectReference: {fileID: 0}
    - target: {fileID: 22479484, guid: 13155598da289b6468da0742062328f5, type: 2}
      propertyPath: m_AnchorMin.y
      value: 0
      objectReference: {fileID: 0}
    - target: {fileID: 22479484, guid: 13155598da289b6468da0742062328f5, type: 2}
      propertyPath: m_AnchorMax.x
      value: 0
      objectReference: {fileID: 0}
    - target: {fileID: 22479484, guid: 13155598da289b6468da0742062328f5, type: 2}
      propertyPath: m_AnchorMax.y
      value: 0
      objectReference: {fileID: 0}
    - target: {fileID: 22479484, guid: 13155598da289b6468da0742062328f5, type: 2}
      propertyPath: m_Pivot.x
      value: 0
      objectReference: {fileID: 0}
    - target: {fileID: 22479484, guid: 13155598da289b6468da0742062328f5, type: 2}
      propertyPath: m_Pivot.y
      value: 0
      objectReference: {fileID: 0}
    m_RemovedComponents: []
  m_ParentPrefab: {fileID: 100100000, guid: 13155598da289b6468da0742062328f5, type: 2}
  m_RootGameObject: {fileID: 780924402}
  m_IsPrefabParent: 0
--- !u!1 &1398478484
GameObject:
  m_ObjectHideFlags: 0
  m_PrefabParentObject: {fileID: 179458, guid: 13155598da289b6468da0742062328f5, type: 2}
  m_PrefabInternal: {fileID: 1368200695}
  serializedVersion: 5
  m_Component:
  - component: {fileID: 1398478485}
  - component: {fileID: 1398478487}
  - component: {fileID: 1398478486}
  m_Layer: 5
  m_Name: FillingObject
  m_TagString: Untagged
  m_Icon: {fileID: 0}
  m_NavMeshLayer: 0
  m_StaticEditorFlags: 0
  m_IsActive: 1
--- !u!224 &1398478485
RectTransform:
  m_ObjectHideFlags: 0
  m_PrefabParentObject: {fileID: 22479458, guid: 13155598da289b6468da0742062328f5,
    type: 2}
  m_PrefabInternal: {fileID: 1368200695}
  m_GameObject: {fileID: 1398478484}
  m_LocalRotation: {x: 0, y: 0, z: 0, w: 1}
  m_LocalPosition: {x: 0, y: 0, z: 0}
  m_LocalScale: {x: 1, y: 1, z: 1}
  m_Children:
  - {fileID: 2080502419}
  - {fileID: 1068642195}
  - {fileID: 206002292}
  - {fileID: 629231241}
  - {fileID: 1361201757}
  m_Father: {fileID: 1482257477}
  m_RootOrder: 5
  m_LocalEulerAnglesHint: {x: 0, y: 0, z: 0}
  m_AnchorMin: {x: 0.5, y: 0.5}
  m_AnchorMax: {x: 0.5, y: 0.5}
  m_AnchoredPosition: {x: -310, y: 276}
  m_SizeDelta: {x: 472, y: 472}
  m_Pivot: {x: 0.5, y: 0.5}
--- !u!114 &1398478486
MonoBehaviour:
  m_ObjectHideFlags: 0
  m_PrefabParentObject: {fileID: 11479450, guid: 13155598da289b6468da0742062328f5,
    type: 2}
  m_PrefabInternal: {fileID: 1368200695}
  m_GameObject: {fileID: 1398478484}
  m_Enabled: 1
  m_EditorHideFlags: 0
  m_Script: {fileID: -765806418, guid: f5f67c52d1564df4a8936ccd202a3bd8, type: 3}
  m_Name: 
  m_EditorClassIdentifier: 
  m_Material: {fileID: 0}
  m_Color: {r: 0.13854672, g: 0.14440073, b: 0.15294118, a: 1}
  m_RaycastTarget: 1
  m_OnCullStateChanged:
    m_PersistentCalls:
      m_Calls: []
    m_TypeName: UnityEngine.UI.MaskableGraphic+CullStateChangedEvent, UnityEngine.UI,
      Version=1.0.0.0, Culture=neutral, PublicKeyToken=null
  m_Sprite: {fileID: 21300000, guid: 0796c5d7e7e637d40a42ad4deab007c5, type: 3}
  m_Type: 3
  m_PreserveAspect: 0
  m_FillCenter: 1
  m_FillMethod: 4
  m_FillAmount: 1
  m_FillClockwise: 1
  m_FillOrigin: 2
--- !u!222 &1398478487
CanvasRenderer:
  m_ObjectHideFlags: 0
  m_PrefabParentObject: {fileID: 22279460, guid: 13155598da289b6468da0742062328f5,
    type: 2}
  m_PrefabInternal: {fileID: 1368200695}
  m_GameObject: {fileID: 1398478484}
--- !u!1 &1398997878
GameObject:
  m_ObjectHideFlags: 0
  m_PrefabParentObject: {fileID: 179482, guid: 13155598da289b6468da0742062328f5, type: 2}
  m_PrefabInternal: {fileID: 1368200695}
  serializedVersion: 5
  m_Component:
  - component: {fileID: 1398997879}
  - component: {fileID: 1398997881}
  - component: {fileID: 1398997880}
  m_Layer: 5
  m_Name: Text
  m_TagString: Untagged
  m_Icon: {fileID: 0}
  m_NavMeshLayer: 0
  m_StaticEditorFlags: 0
  m_IsActive: 1
--- !u!224 &1398997879
RectTransform:
  m_ObjectHideFlags: 0
  m_PrefabParentObject: {fileID: 22479482, guid: 13155598da289b6468da0742062328f5,
    type: 2}
  m_PrefabInternal: {fileID: 1368200695}
  m_GameObject: {fileID: 1398997878}
  m_LocalRotation: {x: 0, y: 0, z: 0, w: 1}
  m_LocalPosition: {x: 0, y: 0, z: 0}
  m_LocalScale: {x: 1, y: 1, z: 1}
  m_Children: []
  m_Father: {fileID: 30508339}
  m_RootOrder: 1
  m_LocalEulerAnglesHint: {x: 0, y: 0, z: 0}
  m_AnchorMin: {x: 0.5, y: 0.5}
  m_AnchorMax: {x: 0.5, y: 0.5}
  m_AnchoredPosition: {x: 0, y: -39}
  m_SizeDelta: {x: 211.06, y: 67}
  m_Pivot: {x: 0.5, y: 0.5}
--- !u!114 &1398997880
MonoBehaviour:
  m_ObjectHideFlags: 0
  m_PrefabParentObject: {fileID: 11479476, guid: 13155598da289b6468da0742062328f5,
    type: 2}
  m_PrefabInternal: {fileID: 1368200695}
  m_GameObject: {fileID: 1398997878}
  m_Enabled: 1
  m_EditorHideFlags: 0
  m_Script: {fileID: 708705254, guid: f5f67c52d1564df4a8936ccd202a3bd8, type: 3}
  m_Name: 
  m_EditorClassIdentifier: 
  m_Material: {fileID: 0}
  m_Color: {r: 0.9044118, g: 0.9044118, b: 0.9044118, a: 1}
  m_RaycastTarget: 1
  m_OnCullStateChanged:
    m_PersistentCalls:
      m_Calls: []
    m_TypeName: UnityEngine.UI.MaskableGraphic+CullStateChangedEvent, UnityEngine.UI,
      Version=1.0.0.0, Culture=neutral, PublicKeyToken=null
  m_FontData:
    m_Font: {fileID: 12800000, guid: bd1ea67ca2b5742d1a24fcbdc17c55e1, type: 3}
    m_FontSize: 45
    m_FontStyle: 0
    m_BestFit: 0
    m_MinSize: 10
    m_MaxSize: 45
    m_Alignment: 4
    m_AlignByGeometry: 0
    m_RichText: 1
    m_HorizontalOverflow: 0
    m_VerticalOverflow: 0
    m_LineSpacing: 1
  m_Text: Music
--- !u!222 &1398997881
CanvasRenderer:
  m_ObjectHideFlags: 0
  m_PrefabParentObject: {fileID: 22279484, guid: 13155598da289b6468da0742062328f5,
    type: 2}
  m_PrefabInternal: {fileID: 1368200695}
  m_GameObject: {fileID: 1398997878}
--- !u!1 &1467639957
GameObject:
  m_ObjectHideFlags: 0
  m_PrefabParentObject: {fileID: 179496, guid: 13155598da289b6468da0742062328f5, type: 2}
  m_PrefabInternal: {fileID: 1368200695}
  serializedVersion: 5
  m_Component:
  - component: {fileID: 1467639958}
  - component: {fileID: 1467639960}
  - component: {fileID: 1467639959}
  m_Layer: 5
  m_Name: AppTitle
  m_TagString: Untagged
  m_Icon: {fileID: 0}
  m_NavMeshLayer: 0
  m_StaticEditorFlags: 0
  m_IsActive: 1
--- !u!224 &1467639958
RectTransform:
  m_ObjectHideFlags: 0
  m_PrefabParentObject: {fileID: 22479496, guid: 13155598da289b6468da0742062328f5,
    type: 2}
  m_PrefabInternal: {fileID: 1368200695}
  m_GameObject: {fileID: 1467639957}
  m_LocalRotation: {x: 0, y: 0, z: 0, w: 1}
  m_LocalPosition: {x: 0, y: 0, z: 0}
  m_LocalScale: {x: 1, y: 1, z: 1}
  m_Children:
  - {fileID: 932633257}
  m_Father: {fileID: 780924406}
  m_RootOrder: 0
  m_LocalEulerAnglesHint: {x: 0, y: 0, z: 0}
  m_AnchorMin: {x: 0.5, y: 0.5}
  m_AnchorMax: {x: 0.5, y: 0.5}
  m_AnchoredPosition: {x: -384, y: 1147}
  m_SizeDelta: {x: 768, y: 109}
  m_Pivot: {x: 0.5, y: 0.5}
--- !u!114 &1467639959
MonoBehaviour:
  m_ObjectHideFlags: 0
  m_PrefabParentObject: {fileID: 11479494, guid: 13155598da289b6468da0742062328f5,
    type: 2}
  m_PrefabInternal: {fileID: 1368200695}
  m_GameObject: {fileID: 1467639957}
  m_Enabled: 1
  m_EditorHideFlags: 0
  m_Script: {fileID: 708705254, guid: f5f67c52d1564df4a8936ccd202a3bd8, type: 3}
  m_Name: 
  m_EditorClassIdentifier: 
  m_Material: {fileID: 0}
  m_Color: {r: 0.85490197, g: 0.85490197, b: 0.85490197, a: 1}
  m_RaycastTarget: 1
  m_OnCullStateChanged:
    m_PersistentCalls:
      m_Calls: []
    m_TypeName: UnityEngine.UI.MaskableGraphic+CullStateChangedEvent, UnityEngine.UI,
      Version=1.0.0.0, Culture=neutral, PublicKeyToken=null
  m_FontData:
    m_Font: {fileID: 12800000, guid: 218956a5c2a6e42d6a60afccf80b002b, type: 3}
    m_FontSize: 102
    m_FontStyle: 0
    m_BestFit: 0
    m_MinSize: 10
    m_MaxSize: 102
    m_Alignment: 0
    m_AlignByGeometry: 0
    m_RichText: 1
    m_HorizontalOverflow: 0
    m_VerticalOverflow: 1
    m_LineSpacing: 1
  m_Text: CHARTS
--- !u!222 &1467639960
CanvasRenderer:
  m_ObjectHideFlags: 0
  m_PrefabParentObject: {fileID: 22279496, guid: 13155598da289b6468da0742062328f5,
    type: 2}
  m_PrefabInternal: {fileID: 1368200695}
  m_GameObject: {fileID: 1467639957}
--- !u!1 &1482257476
GameObject:
  m_ObjectHideFlags: 0
  m_PrefabParentObject: {fileID: 179450, guid: 13155598da289b6468da0742062328f5, type: 2}
  m_PrefabInternal: {fileID: 1368200695}
  serializedVersion: 5
  m_Component:
  - component: {fileID: 1482257477}
  - component: {fileID: 1482257480}
  - component: {fileID: 1482257479}
  - component: {fileID: 1482257478}
  m_Layer: 5
  m_Name: Panel
  m_TagString: Untagged
  m_Icon: {fileID: 0}
  m_NavMeshLayer: 0
  m_StaticEditorFlags: 0
  m_IsActive: 1
--- !u!224 &1482257477
RectTransform:
  m_ObjectHideFlags: 0
  m_PrefabParentObject: {fileID: 22479450, guid: 13155598da289b6468da0742062328f5,
    type: 2}
  m_PrefabInternal: {fileID: 1368200695}
  m_GameObject: {fileID: 1482257476}
  m_LocalRotation: {x: 0, y: 0, z: 0, w: 1}
  m_LocalPosition: {x: 0, y: 0, z: 0}
  m_LocalScale: {x: 1, y: 1, z: 1}
  m_Children:
  - {fileID: 514515440}
  - {fileID: 479170664}
  - {fileID: 864785763}
  - {fileID: 955239262}
  - {fileID: 1267279325}
  - {fileID: 1398478485}
  - {fileID: 805337306}
  - {fileID: 1155232656}
  - {fileID: 30508339}
  m_Father: {fileID: 780924406}
  m_RootOrder: 1
  m_LocalEulerAnglesHint: {x: 0, y: 0, z: 0}
  m_AnchorMin: {x: 0.5, y: 0.5}
  m_AnchorMax: {x: 0.5, y: 0.5}
  m_AnchoredPosition: {x: 0, y: 0}
  m_SizeDelta: {x: 1536, y: 2048}
  m_Pivot: {x: 0.5, y: 0.5}
--- !u!114 &1482257478
MonoBehaviour:
  m_ObjectHideFlags: 0
  m_PrefabParentObject: {fileID: 11479442, guid: 13155598da289b6468da0742062328f5,
    type: 2}
  m_PrefabInternal: {fileID: 1368200695}
  m_GameObject: {fileID: 1482257476}
  m_Enabled: 1
  m_EditorHideFlags: 0
  m_Script: {fileID: -1200242548, guid: f5f67c52d1564df4a8936ccd202a3bd8, type: 3}
  m_Name: 
  m_EditorClassIdentifier: 
  m_ShowMaskGraphic: 1
--- !u!114 &1482257479
MonoBehaviour:
  m_ObjectHideFlags: 0
  m_PrefabParentObject: {fileID: 11479440, guid: 13155598da289b6468da0742062328f5,
    type: 2}
  m_PrefabInternal: {fileID: 1368200695}
  m_GameObject: {fileID: 1482257476}
  m_Enabled: 1
  m_EditorHideFlags: 0
  m_Script: {fileID: -765806418, guid: f5f67c52d1564df4a8936ccd202a3bd8, type: 3}
  m_Name: 
  m_EditorClassIdentifier: 
  m_Material: {fileID: 0}
  m_Color: {r: 0.19215687, g: 0.2, b: 0.21176471, a: 1}
  m_RaycastTarget: 1
  m_OnCullStateChanged:
    m_PersistentCalls:
      m_Calls: []
    m_TypeName: UnityEngine.UI.MaskableGraphic+CullStateChangedEvent, UnityEngine.UI,
      Version=1.0.0.0, Culture=neutral, PublicKeyToken=null
  m_Sprite: {fileID: 21300000, guid: 7ed1238760b863f4aafde32ab3a6f28c, type: 3}
  m_Type: 1
  m_PreserveAspect: 0
  m_FillCenter: 1
  m_FillMethod: 4
  m_FillAmount: 1
  m_FillClockwise: 1
  m_FillOrigin: 0
--- !u!222 &1482257480
CanvasRenderer:
  m_ObjectHideFlags: 0
  m_PrefabParentObject: {fileID: 22279452, guid: 13155598da289b6468da0742062328f5,
    type: 2}
  m_PrefabInternal: {fileID: 1368200695}
  m_GameObject: {fileID: 1482257476}
--- !u!1 &1500371475
GameObject:
  m_ObjectHideFlags: 0
  m_PrefabParentObject: {fileID: 0}
  m_PrefabInternal: {fileID: 0}
  serializedVersion: 5
  m_Component:
  - component: {fileID: 1500371479}
  - component: {fileID: 1500371478}
  - component: {fileID: 1500371477}
  - component: {fileID: 1500371476}
  m_Layer: 0
  m_Name: EventSystem
  m_TagString: Untagged
  m_Icon: {fileID: 0}
  m_NavMeshLayer: 0
  m_StaticEditorFlags: 0
  m_IsActive: 1
--- !u!114 &1500371476
MonoBehaviour:
  m_ObjectHideFlags: 0
  m_PrefabParentObject: {fileID: 0}
  m_PrefabInternal: {fileID: 0}
  m_GameObject: {fileID: 1500371475}
  m_Enabled: 1
  m_EditorHideFlags: 0
  m_Script: {fileID: 1997211142, guid: f5f67c52d1564df4a8936ccd202a3bd8, type: 3}
  m_Name: 
  m_EditorClassIdentifier: 
  m_ForceModuleActive: 0
--- !u!114 &1500371477
MonoBehaviour:
  m_ObjectHideFlags: 0
  m_PrefabParentObject: {fileID: 0}
  m_PrefabInternal: {fileID: 0}
  m_GameObject: {fileID: 1500371475}
  m_Enabled: 1
  m_EditorHideFlags: 0
  m_Script: {fileID: 1077351063, guid: f5f67c52d1564df4a8936ccd202a3bd8, type: 3}
  m_Name: 
  m_EditorClassIdentifier: 
  m_HorizontalAxis: Horizontal
  m_VerticalAxis: Vertical
  m_SubmitButton: Submit
  m_CancelButton: Cancel
  m_InputActionsPerSecond: 10
  m_RepeatDelay: 0.5
  m_ForceModuleActive: 0
--- !u!114 &1500371478
MonoBehaviour:
  m_ObjectHideFlags: 0
  m_PrefabParentObject: {fileID: 0}
  m_PrefabInternal: {fileID: 0}
  m_GameObject: {fileID: 1500371475}
  m_Enabled: 1
  m_EditorHideFlags: 0
  m_Script: {fileID: -619905303, guid: f5f67c52d1564df4a8936ccd202a3bd8, type: 3}
  m_Name: 
  m_EditorClassIdentifier: 
  m_FirstSelected: {fileID: 0}
  m_sendNavigationEvents: 1
  m_DragThreshold: 5
--- !u!4 &1500371479
Transform:
  m_ObjectHideFlags: 0
  m_PrefabParentObject: {fileID: 0}
  m_PrefabInternal: {fileID: 0}
  m_GameObject: {fileID: 1500371475}
  m_LocalRotation: {x: 0, y: 0, z: 0, w: 1}
  m_LocalPosition: {x: 0, y: 0, z: 0}
  m_LocalScale: {x: 1, y: 1, z: 1}
  m_Children: []
  m_Father: {fileID: 0}
  m_RootOrder: 1
  m_LocalEulerAnglesHint: {x: 0, y: 0, z: 0}
--- !u!1 &1511305452
GameObject:
  m_ObjectHideFlags: 0
  m_PrefabParentObject: {fileID: 0}
  m_PrefabInternal: {fileID: 0}
  serializedVersion: 5
  m_Component:
  - component: {fileID: 1511305453}
  m_Layer: 0
  m_Name: __SET_YOUR_GAMESCREEN_TO_768x1024
  m_TagString: Untagged
  m_Icon: {fileID: 0}
  m_NavMeshLayer: 0
  m_StaticEditorFlags: 0
  m_IsActive: 1
--- !u!4 &1511305453
Transform:
  m_ObjectHideFlags: 0
  m_PrefabParentObject: {fileID: 0}
  m_PrefabInternal: {fileID: 0}
  m_GameObject: {fileID: 1511305452}
  m_LocalRotation: {x: 0, y: 0, z: 0, w: 1}
  m_LocalPosition: {x: 494.995, y: 627.74, z: 0}
  m_LocalScale: {x: 1, y: 1, z: 1}
  m_Children: []
  m_Father: {fileID: 0}
  m_RootOrder: 2
  m_LocalEulerAnglesHint: {x: 0, y: 0, z: 0}
--- !u!1 &1709791308
GameObject:
  m_ObjectHideFlags: 0
  m_PrefabParentObject: {fileID: 179444, guid: 13155598da289b6468da0742062328f5, type: 2}
  m_PrefabInternal: {fileID: 1368200695}
  serializedVersion: 5
  m_Component:
  - component: {fileID: 1709791309}
  - component: {fileID: 1709791311}
  - component: {fileID: 1709791310}
  m_Layer: 5
  m_Name: Text
  m_TagString: Untagged
  m_Icon: {fileID: 0}
  m_NavMeshLayer: 0
  m_StaticEditorFlags: 0
  m_IsActive: 1
--- !u!224 &1709791309
RectTransform:
  m_ObjectHideFlags: 0
  m_PrefabParentObject: {fileID: 22479444, guid: 13155598da289b6468da0742062328f5,
    type: 2}
  m_PrefabInternal: {fileID: 1368200695}
  m_GameObject: {fileID: 1709791308}
  m_LocalRotation: {x: 0, y: 0, z: -1, w: -0.00000004371139}
  m_LocalPosition: {x: 0, y: 0, z: 0}
  m_LocalScale: {x: 1.25, y: 1.25, z: 1}
  m_Children: []
  m_Father: {fileID: 1267279325}
  m_RootOrder: 0
  m_LocalEulerAnglesHint: {x: 0, y: 0, z: 0}
  m_AnchorMin: {x: 0.5, y: 0.5}
  m_AnchorMax: {x: 0.5, y: 0.5}
  m_AnchoredPosition: {x: 19.6, y: -1.2}
  m_SizeDelta: {x: 225, y: 95}
  m_Pivot: {x: 0.5, y: 0.5}
--- !u!114 &1709791310
MonoBehaviour:
  m_ObjectHideFlags: 0
  m_PrefabParentObject: {fileID: 11479434, guid: 13155598da289b6468da0742062328f5,
    type: 2}
  m_PrefabInternal: {fileID: 1368200695}
  m_GameObject: {fileID: 1709791308}
  m_Enabled: 1
  m_EditorHideFlags: 0
  m_Script: {fileID: 708705254, guid: f5f67c52d1564df4a8936ccd202a3bd8, type: 3}
  m_Name: 
  m_EditorClassIdentifier: 
  m_Material: {fileID: 0}
  m_Color: {r: 1, g: 1, b: 1, a: 1}
  m_RaycastTarget: 1
  m_OnCullStateChanged:
    m_PersistentCalls:
      m_Calls: []
    m_TypeName: UnityEngine.UI.MaskableGraphic+CullStateChangedEvent, UnityEngine.UI,
      Version=1.0.0.0, Culture=neutral, PublicKeyToken=null
  m_FontData:
    m_Font: {fileID: 12800000, guid: 218956a5c2a6e42d6a60afccf80b002b, type: 3}
    m_FontSize: 40
    m_FontStyle: 0
    m_BestFit: 0
    m_MinSize: 10
    m_MaxSize: 40
    m_Alignment: 4
    m_AlignByGeometry: 0
    m_RichText: 1
    m_HorizontalOverflow: 0
    m_VerticalOverflow: 0
    m_LineSpacing: 1
  m_Text: Charts
--- !u!222 &1709791311
CanvasRenderer:
  m_ObjectHideFlags: 0
  m_PrefabParentObject: {fileID: 22279446, guid: 13155598da289b6468da0742062328f5,
    type: 2}
  m_PrefabInternal: {fileID: 1368200695}
  m_GameObject: {fileID: 1709791308}
--- !u!1 &1938611962
GameObject:
  m_ObjectHideFlags: 0
  m_PrefabParentObject: {fileID: 179474, guid: 13155598da289b6468da0742062328f5, type: 2}
  m_PrefabInternal: {fileID: 1368200695}
  serializedVersion: 5
  m_Component:
  - component: {fileID: 1938611963}
  - component: {fileID: 1938611965}
  - component: {fileID: 1938611964}
  m_Layer: 5
  m_Name: FillingObject
  m_TagString: Untagged
  m_Icon: {fileID: 0}
  m_NavMeshLayer: 0
  m_StaticEditorFlags: 0
  m_IsActive: 1
--- !u!224 &1938611963
RectTransform:
  m_ObjectHideFlags: 0
  m_PrefabParentObject: {fileID: 22479474, guid: 13155598da289b6468da0742062328f5,
    type: 2}
  m_PrefabInternal: {fileID: 1368200695}
  m_GameObject: {fileID: 1938611962}
  m_LocalRotation: {x: 0, y: 0, z: 0, w: 1}
  m_LocalPosition: {x: 0, y: 0, z: 0}
  m_LocalScale: {x: 1, y: 1, z: 1}
  m_Children:
  - {fileID: 47812407}
  m_Father: {fileID: 30508339}
  m_RootOrder: 0
  m_LocalEulerAnglesHint: {x: 0, y: 0, z: 0}
  m_AnchorMin: {x: 0.5, y: 0.5}
  m_AnchorMax: {x: 0.5, y: 0.5}
  m_AnchoredPosition: {x: 0, y: 0}
  m_SizeDelta: {x: 573, y: 573}
  m_Pivot: {x: 0.5, y: 0.5}
--- !u!114 &1938611964
MonoBehaviour:
  m_ObjectHideFlags: 0
  m_PrefabParentObject: {fileID: 11479466, guid: 13155598da289b6468da0742062328f5,
    type: 2}
  m_PrefabInternal: {fileID: 1368200695}
  m_GameObject: {fileID: 1938611962}
  m_Enabled: 1
  m_EditorHideFlags: 0
  m_Script: {fileID: -765806418, guid: f5f67c52d1564df4a8936ccd202a3bd8, type: 3}
  m_Name: 
  m_EditorClassIdentifier: 
  m_Material: {fileID: 0}
  m_Color: {r: 0.99215686, g: 0.4509804, b: 0.44313726, a: 1}
  m_RaycastTarget: 1
  m_OnCullStateChanged:
    m_PersistentCalls:
      m_Calls: []
    m_TypeName: UnityEngine.UI.MaskableGraphic+CullStateChangedEvent, UnityEngine.UI,
      Version=1.0.0.0, Culture=neutral, PublicKeyToken=null
  m_Sprite: {fileID: 21300000, guid: c6157dc9c292b704b93e50622ca4095f, type: 3}
  m_Type: 3
  m_PreserveAspect: 0
  m_FillCenter: 1
  m_FillMethod: 4
  m_FillAmount: 0.884
  m_FillClockwise: 1
  m_FillOrigin: 2
--- !u!222 &1938611965
CanvasRenderer:
  m_ObjectHideFlags: 0
  m_PrefabParentObject: {fileID: 22279476, guid: 13155598da289b6468da0742062328f5,
    type: 2}
  m_PrefabInternal: {fileID: 1368200695}
  m_GameObject: {fileID: 1938611962}
--- !u!1 &2080502418
GameObject:
  m_ObjectHideFlags: 0
  m_PrefabParentObject: {fileID: 179466, guid: 13155598da289b6468da0742062328f5, type: 2}
  m_PrefabInternal: {fileID: 1368200695}
  serializedVersion: 5
  m_Component:
  - component: {fileID: 2080502419}
  - component: {fileID: 2080502421}
  - component: {fileID: 2080502420}
  m_Layer: 5
  m_Name: FillingObject
  m_TagString: Untagged
  m_Icon: {fileID: 0}
  m_NavMeshLayer: 0
  m_StaticEditorFlags: 0
  m_IsActive: 1
--- !u!224 &2080502419
RectTransform:
  m_ObjectHideFlags: 0
  m_PrefabParentObject: {fileID: 22479466, guid: 13155598da289b6468da0742062328f5,
    type: 2}
  m_PrefabInternal: {fileID: 1368200695}
  m_GameObject: {fileID: 2080502418}
  m_LocalRotation: {x: 0, y: 0, z: 0, w: 1}
  m_LocalPosition: {x: 0, y: 0, z: 0}
  m_LocalScale: {x: 1, y: 1, z: 1}
  m_Children: []
  m_Father: {fileID: 1398478485}
  m_RootOrder: 0
  m_LocalEulerAnglesHint: {x: 0, y: 0, z: 0}
  m_AnchorMin: {x: 0.5, y: 0.5}
  m_AnchorMax: {x: 0.5, y: 0.5}
  m_AnchoredPosition: {x: 0, y: 0}
  m_SizeDelta: {x: 525, y: 525}
  m_Pivot: {x: 0.5, y: 0.5}
--- !u!114 &2080502420
MonoBehaviour:
  m_ObjectHideFlags: 0
  m_PrefabParentObject: {fileID: 11479458, guid: 13155598da289b6468da0742062328f5,
    type: 2}
  m_PrefabInternal: {fileID: 1368200695}
  m_GameObject: {fileID: 2080502418}
  m_Enabled: 1
  m_EditorHideFlags: 0
  m_Script: {fileID: -765806418, guid: f5f67c52d1564df4a8936ccd202a3bd8, type: 3}
  m_Name: 
  m_EditorClassIdentifier: 
  m_Material: {fileID: 0}
  m_Color: {r: 0.99215686, g: 0.4509804, b: 0.44313726, a: 1}
  m_RaycastTarget: 1
  m_OnCullStateChanged:
    m_PersistentCalls:
      m_Calls: []
    m_TypeName: UnityEngine.UI.MaskableGraphic+CullStateChangedEvent, UnityEngine.UI,
      Version=1.0.0.0, Culture=neutral, PublicKeyToken=null
  m_Sprite: {fileID: 21300000, guid: c6157dc9c292b704b93e50622ca4095f, type: 3}
  m_Type: 3
  m_PreserveAspect: 0
  m_FillCenter: 1
  m_FillMethod: 4
  m_FillAmount: 0.402
  m_FillClockwise: 1
  m_FillOrigin: 2
--- !u!222 &2080502421
CanvasRenderer:
  m_ObjectHideFlags: 0
  m_PrefabParentObject: {fileID: 22279468, guid: 13155598da289b6468da0742062328f5,
    type: 2}
  m_PrefabInternal: {fileID: 1368200695}
  m_GameObject: {fileID: 2080502418}
